Workbook

Sheet Ejecución mensual
B1: MINISTERIO DE ENERGIA Y MINAS
B2: Año 2026
B3: Ejecución de Gastos y Aplicaciones Financieras
B4: En RD$
B7: Detalle | C7: Presupuesto Inicial | D7: Presupuesto Modificado | E7: Enero | F7: Febrero | G7: Marzo | H7: Abril | I7: Mayo | J7: Junio | K7: Julio | L7: Agosto | M7: Septiembre | N7: Octubre | O7: Noviembre | P7: Diciembre | Q7: Total
B8: 2-GASTOS
B9: 2.1-REMUNERACIONES Y CONTRIBUCIONES | C9: =SUM(C10:C14) -> 1216475088 | D9: =SUM(D10:D14) -> 1.13622e+09 | E9: =SUM(E10:E14) -> 72566538 | F9: =SUM(F10:F14) -> 71922544 | G9: =SUM(G10:G14) -> 74468707 | H9: =SUM(H10:H14) -> 69646417 | I9: =SUM(I10:I14) -> 1.1948158e+08 | J9: =SUM(J10:J14) -> 79249829 | ... P9: =SUM(P10:P14) -> 0 | Q9: =SUM(E9:P9) -> 8.4563414e+08
A10: =+LEFT(B10,5) -> 2.1.1 | B10: 2.1.1-REMUNERACIONES | C10: =+SUMIF([1]!MatrizPre2026[Cod.Ref CCP Cuenta],LEFT(B10,5),[1]!MatrizPre2026[Pres. Inicial]) -> 842252318 | D10: 790472279 | E10: =SUMIFS([1]!MatrizPre2025[Devengado Aprobado],[1]!MatrizPre2025[Cod.Ref CCP Cuenta],'Ejecución mensual'!$A10,[1]!MatrizPre2025[Mes.Hist.Registro],E$7) -> 59564833 | F10: =SUMIFS([1]!MatrizPre2025[Devengado Aprobado],[1]!MatrizPre2025[Cod.Ref CCP Cuenta],'Ejecución mensual'!$A10,[1]!MatrizPre2025[Mes.Hist.Registro],F$7) -> 59013667 | G10: =SUMIFS([1]!MatrizPre2025[Devengado Aprobado],[1]!MatrizPre2025[Cod.Ref CCP Cuenta],'Ejecución mensual'!$A10,[1]!MatrizPre2025[Mes.Hist.Registro],G$7) -> 61549880 | H10: =SUMIFS([1]!MatrizPre2025[Devengado Aprobado],[1]!MatrizPre2025[Cod.Ref CCP Cuenta],'Ejecución mensual'!$A10,[1]!MatrizPre2025[Mes.Hist.Registro],H$7) -> 57160182 | I10: =SUMIFS([1]!MatrizPre2025[Devengado Aprobado],[1]!MatrizPre2025[Cod.Ref CCP Cuenta],'Ejecución mensual'!$A10,[1]!MatrizPre2025[Mes.Hist.Registro],I$7) -> 57075433 | J10: =SUMIFS([1]!MatrizPre2025[Devengado Aprobado],[1]!MatrizPre2025[Cod.Ref CCP Cuenta],'Ejecución mensual'!$A10,[1]!MatrizPre2025[Mes.Hist.Registro],J$7) -> 59472102 | K10: =SUMIFS([1]!MatrizPre2025[Devengado Aprobado],[1]!MatrizPre2025[Cod.Ref CCP Cuenta],'Ejecución mensual'!$A10,[1]!MatrizPre2025[Mes.Hist.Registro],K$7) -> 61343363 | L10: =SUMIFS([1]!MatrizPre2025[Devengado Aprobado],[1]!MatrizPre2025[Cod.Ref CCP Cuenta],'Ejecución mensual'!$A10,[1]!MatrizPre2025[Mes.Hist.Registro],L$7) -> 57617332 | ... N10: =SUMIFS([1]!MatrizPre2025[Devengado Aprobado],[1]!MatrizPre2025[Cod.Ref CCP Cuenta],'Ejecución mensual'!$A10,[1]!MatrizPre2025[Mes.Hist.Registro],N$7) -> 60330255 | Q10: =SUM(E10:P10) -> 5.934697e+08
A11: =+LEFT(B11,5) -> 2.1.2 | B11: 2.1.2-SOBRESUELDOS | C11: =+SUMIF([1]!MatrizPre2026[Cod.Ref CCP Cuenta],LEFT(B11,5),[1]!MatrizPre2026[Pres. Inicial]) -> 180042400 | D11: 167395226 | E11: =SUMIFS([1]!MatrizPre2025[Devengado Aprobado],[1]!MatrizPre2025[Cod.Ref CCP Cuenta],'Ejecución mensual'!$A11,[1]!MatrizPre2025[Mes.Hist.Registro],E$7) -> 4026700 | F11: =SUMIFS([1]!MatrizPre2025[Devengado Aprobado],[1]!MatrizPre2025[Cod.Ref CCP Cuenta],'Ejecución mensual'!$A11,[1]!MatrizPre2025[Mes.Hist.Registro],F$7) -> 4003700 | G11: =SUMIFS([1]!MatrizPre2025[Devengado Aprobado],[1]!MatrizPre2025[Cod.Ref CCP Cuenta],'Ejecución mensual'!$A11,[1]!MatrizPre2025[Mes.Hist.Registro],G$7) -> 4003700 | H11: =SUMIFS([1]!MatrizPre2025[Devengado Aprobado],[1]!MatrizPre2025[Cod.Ref CCP Cuenta],'Ejecución mensual'!$A11,[1]!MatrizPre2025[Mes.Hist.Registro],H$7) -> 3958700 | I11: =SUMIFS([1]!MatrizPre2025[Devengado Aprobado],[1]!MatrizPre2025[Cod.Ref CCP Cuenta],'Ejecución mensual'!$A11,[1]!MatrizPre2025[Mes.Hist.Registro],I$7) -> 53793089 | J11: =SUMIFS([1]!MatrizPre2025[Devengado Aprobado],[1]!MatrizPre2025[Cod.Ref CCP Cuenta],'Ejecución mensual'!$A11,[1]!MatrizPre2025[Mes.Hist.Registro],J$7) -> 11092936 | K11: =SUMIFS([1]!MatrizPre2025[Devengado Aprobado],[1]!MatrizPre2025[Cod.Ref CCP Cuenta],'Ejecución mensual'!$A11,[1]!MatrizPre2025[Mes.Hist.Registro],K$7) -> 4070700 | L11: =SUMIFS([1]!MatrizPre2025[Devengado Aprobado],[1]!MatrizPre2025[Cod.Ref CCP Cuenta],'Ejecución mensual'!$A11,[1]!MatrizPre2025[Mes.Hist.Registro],L$7) -> 4059033.3 | ... N11: =SUMIFS([1]!MatrizPre2025[Devengado Aprobado],[1]!MatrizPre2025[Cod.Ref CCP Cuenta],'Ejecución mensual'!$A11,[1]!MatrizPre2025[Mes.Hist.Registro],N$7) -> 63671664 | Q11: =SUM(E11:P11) -> 1.5688642e+08
A12: =+LEFT(B12,5) -> 2.1.3 | B12: 2.1.3-DIETAS Y GASTOS DE REPRESENTACIÓN | C12: =+SUMIF([1]!MatrizPre2026[Cod.Ref CCP Cuenta],LEFT(B12,5),[1]!MatrizPre2026[Pres. Inicial]) -> 0 | D12: 0 | E12: =SUMIFS([1]!MatrizPre2025[Devengado Aprobado],[1]!MatrizPre2025[Cod.Ref CCP Cuenta],'Ejecución mensual'!$A12,[1]!MatrizPre2025[Mes.Hist.Registro],E$7) -> 0 | F12: =SUMIFS([1]!MatrizPre2025[Devengado Aprobado],[1]!MatrizPre2025[Cod.Ref CCP Cuenta],'Ejecución mensual'!$A12,[1]!MatrizPre2025[Mes.Hist.Registro],F$7) -> 0 | G12: =SUMIFS([1]!MatrizPre2025[Devengado Aprobado],[1]!MatrizPre2025[Cod.Ref CCP Cuenta],'Ejecución mensual'!$A12,[1]!MatrizPre2025[Mes.Hist.Registro],G$7) -> 0 | H12: =SUMIFS([1]!MatrizPre2025[Devengado Aprobado],[1]!MatrizPre2025[Cod.Ref CCP Cuenta],'Ejecución mensual'!$A12,[1]!MatrizPre2025[Mes.Hist.Registro],H$7) -> 0 | I12: =SUMIFS([1]!MatrizPre2025[Devengado Aprobado],[1]!MatrizPre2025[Cod.Ref CCP Cuenta],'Ejecución mensual'!$A12,[1]!MatrizPre2025[Mes.Hist.Registro],I$7) -> 0 | J12: =SUMIFS([1]!MatrizPre2025[Devengado Aprobado],[1]!MatrizPre2025[Cod.Ref CCP Cuenta],'Ejecución mensual'!$A12,[1]!MatrizPre2025[Mes.Hist.Registro],J$7) -> 0 | K12: =SUMIFS([1]!MatrizPre2025[Devengado Aprobado],[1]!MatrizPre2025[Cod.Ref CCP Cuenta],'Ejecución mensual'!$A12,[1]!MatrizPre2025[Mes.Hist.Registro],K$7) -> 0 | L12: =SUMIFS([1]!MatrizPre2025[Devengado Aprobado],[1]!MatrizPre2025[Cod.Ref CCP Cuenta],'Ejecución mensual'!$A12,[1]!MatrizPre2025[Mes.Hist.Registro],L$7) -> 0 | ... N12: =SUMIFS([1]!MatrizPre2025[Devengado Aprobado],[1]!MatrizPre2025[Cod.Ref CCP Cuenta],'Ejecución mensual'!$A12,[1]!MatrizPre2025[Mes.Hist.Registro],N$7) -> 0 | Q12: =SUM(E12:P12) -> 0
A13: =+LEFT(B13,5) -> 2.1.4 | B13: 2.1.4-GRATIFICACIONES Y BONIFICACIONES | C13: =+SUMIF([1]!MatrizPre2026[Cod.Ref CCP Cuenta],LEFT(B13,5),[1]!MatrizPre2026[Pres. Inicial]) -> 72500000 | D13: 68844600 | E13: =SUMIFS([1]!MatrizPre2025[Devengado Aprobado],[1]!MatrizPre2025[Cod.Ref CCP Cuenta],'Ejecución mensual'!$A13,[1]!MatrizPre2025[Mes.Hist.Registro],E$7) -> 0 | F13: =SUMIFS([1]!MatrizPre2025[Devengado Aprobado],[1]!MatrizPre2025[Cod.Ref CCP Cuenta],'Ejecución mensual'!$A13,[1]!MatrizPre2025[Mes.Hist.Registro],F$7) -> 0 | G13: =SUMIFS([1]!MatrizPre2025[Devengado Aprobado],[1]!MatrizPre2025[Cod.Ref CCP Cuenta],'Ejecución mensual'!$A13,[1]!MatrizPre2025[Mes.Hist.Registro],G$7) -> 0 | H13: =SUMIFS([1]!MatrizPre2025[Devengado Aprobado],[1]!MatrizPre2025[Cod.Ref CCP Cuenta],'Ejecución mensual'!$A13,[1]!MatrizPre2025[Mes.Hist.Registro],H$7) -> 0 | I13: =SUMIFS([1]!MatrizPre2025[Devengado Aprobado],[1]!MatrizPre2025[Cod.Ref CCP Cuenta],'Ejecución mensual'!$A13,[1]!MatrizPre2025[Mes.Hist.Registro],I$7) -> 0 | J13: =SUMIFS([1]!MatrizPre2025[Devengado Aprobado],[1]!MatrizPre2025[Cod.Ref CCP Cuenta],'Ejecución mensual'!$A13,[1]!MatrizPre2025[Mes.Hist.Registro],J$7) -> 0 | K13: =SUMIFS([1]!MatrizPre2025[Devengado Aprobado],[1]!MatrizPre2025[Cod.Ref CCP Cuenta],'Ejecución mensual'!$A13,[1]!MatrizPre2025[Mes.Hist.Registro],K$7) -> 0 | L13: =SUMIFS([1]!MatrizPre2025[Devengado Aprobado],[1]!MatrizPre2025[Cod.Ref CCP Cuenta],'Ejecución mensual'!$A13,[1]!MatrizPre2025[Mes.Hist.Registro],L$7) -> 8028000 | ... N13: =SUMIFS([1]!MatrizPre2025[Devengado Aprobado],[1]!MatrizPre2025[Cod.Ref CCP Cuenta],'Ejecución mensual'!$A13,[1]!MatrizPre2025[Mes.Hist.Registro],N$7) -> 0 | Q13: =SUM(E13:P13) -> 8028000
A14: =+LEFT(B14,5) -> 2.1.5 | B14: 2.1.5-CONTRIBUCIONES A LA SEGURIDAD SOCIAL | C14: =+SUMIF([1]!MatrizPre2026[Cod.Ref CCP Cuenta],LEFT(B14,5),[1]!MatrizPre2026[Pres. Inicial]) -> 121680370 | D14: 1.0950788e+08 | E14: =SUMIFS([1]!MatrizPre2025[Devengado Aprobado],[1]!MatrizPre2025[Cod.Ref CCP Cuenta],'Ejecución mensual'!$A14,[1]!MatrizPre2025[Mes.Hist.Registro],E$7) -> 8975004.4 | F14: =SUMIFS([1]!MatrizPre2025[Devengado Aprobado],[1]!MatrizPre2025[Cod.Ref CCP Cuenta],'Ejecución mensual'!$A14,[1]!MatrizPre2025[Mes.Hist.Registro],F$7) -> 8905177 | G14: =SUMIFS([1]!MatrizPre2025[Devengado Aprobado],[1]!MatrizPre2025[Cod.Ref CCP Cuenta],'Ejecución mensual'!$A14,[1]!MatrizPre2025[Mes.Hist.Registro],G$7) -> 8915126.1 | H14: =SUMIFS([1]!MatrizPre2025[Devengado Aprobado],[1]!MatrizPre2025[Cod.Ref CCP Cuenta],'Ejecución mensual'!$A14,[1]!MatrizPre2025[Mes.Hist.Registro],H$7) -> 8527535 | I14: =SUMIFS([1]!MatrizPre2025[Devengado Aprobado],[1]!MatrizPre2025[Cod.Ref CCP Cuenta],'Ejecución mensual'!$A14,[1]!MatrizPre2025[Mes.Hist.Registro],I$7) -> 8613062.1 | J14: =SUMIFS([1]!MatrizPre2025[Devengado Aprobado],[1]!MatrizPre2025[Cod.Ref CCP Cuenta],'Ejecución mensual'!$A14,[1]!MatrizPre2025[Mes.Hist.Registro],J$7) -> 8684791.3 | K14: =SUMIFS([1]!MatrizPre2025[Devengado Aprobado],[1]!MatrizPre2025[Cod.Ref CCP Cuenta],'Ejecución mensual'!$A14,[1]!MatrizPre2025[Mes.Hist.Registro],K$7) -> 8633806.3 | L14: =SUMIFS([1]!MatrizPre2025[Devengado Aprobado],[1]!MatrizPre2025[Cod.Ref CCP Cuenta],'Ejecución mensual'!$A14,[1]!MatrizPre2025[Mes.Hist.Registro],L$7) -> 8631273.1 | ... N14: =SUMIFS([1]!MatrizPre2025[Devengado Aprobado],[1]!MatrizPre2025[Cod.Ref CCP Cuenta],'Ejecución mensual'!$A14,[1]!MatrizPre2025[Mes.Hist.Registro],N$7) -> 8659086.4 | Q14: =SUM(E14:P14) -> 87250018
B15: 2.2-CONTRATACIÓN DE SERVICIOS | C15: =SUM(C16:C24) -> 786295109 | D15: =SUM(D16:D24) -> 6.7452223e+08 | E15: =SUM(E16:E24) -> 14748118 | F15: =SUM(F16:F24) -> 35097877 | G15: =SUM(G16:G24) -> 61617913 | H15: =SUM(H16:H24) -> 50891922 | I15: =SUM(I16:I24) -> 39460814 | J15: =SUM(J16:J24) -> 70826696 | ... P15: =SUM(P16:P24) -> 0 | Q15: =SUM(E15:P15) -> 4.6093639e+08
A16: =+LEFT(B16,5) -> 2.2.1 | B16: 2.2.1-SERVICIOS BÁSICOS | C16: =+SUMIF([1]!MatrizPre2026[Cod.Ref CCP Cuenta],LEFT(B16,5),[1]!MatrizPre2026[Pres. Inicial]) -> 51008670 | D16: 49653064 | E16: =SUMIFS([1]!MatrizPre2025[Devengado Aprobado],[1]!MatrizPre2025[Cod.Ref CCP Cuenta],'Ejecución mensual'!$A16,[1]!MatrizPre2025[Mes.Hist.Registro],E$7) -> 3259745 | F16: =SUMIFS([1]!MatrizPre2025[Devengado Aprobado],[1]!MatrizPre2025[Cod.Ref CCP Cuenta],'Ejecución mensual'!$A16,[1]!MatrizPre2025[Mes.Hist.Registro],F$7) -> 3522224.3 | G16: =SUMIFS([1]!MatrizPre2025[Devengado Aprobado],[1]!MatrizPre2025[Cod.Ref CCP Cuenta],'Ejecución mensual'!$A16,[1]!MatrizPre2025[Mes.Hist.Registro],G$7) -> 3489139.1 | H16: =SUMIFS([1]!MatrizPre2025[Devengado Aprobado],[1]!MatrizPre2025[Cod.Ref CCP Cuenta],'Ejecución mensual'!$A16,[1]!MatrizPre2025[Mes.Hist.Registro],H$7) -> 3339708.6 | I16: =SUMIFS([1]!MatrizPre2025[Devengado Aprobado],[1]!MatrizPre2025[Cod.Ref CCP Cuenta],'Ejecución mensual'!$A16,[1]!MatrizPre2025[Mes.Hist.Registro],I$7) -> 3544249.5 | J16: =SUMIFS([1]!MatrizPre2025[Devengado Aprobado],[1]!MatrizPre2025[Cod.Ref CCP Cuenta],'Ejecución mensual'!$A16,[1]!MatrizPre2025[Mes.Hist.Registro],J$7) -> 3729838.8 | K16: =SUMIFS([1]!MatrizPre2025[Devengado Aprobado],[1]!MatrizPre2025[Cod.Ref CCP Cuenta],'Ejecución mensual'!$A16,[1]!MatrizPre2025[Mes.Hist.Registro],K$7) -> 3711721.8 | L16: =SUMIFS([1]!MatrizPre2025[Devengado Aprobado],[1]!MatrizPre2025[Cod.Ref CCP Cuenta],'Ejecución mensual'!$A16,[1]!MatrizPre2025[Mes.Hist.Registro],L$7) -> 4245345.4 | ... N16: =SUMIFS([1]!MatrizPre2025[Devengado Aprobado],[1]!MatrizPre2025[Cod.Ref CCP Cuenta],'Ejecución mensual'!$A16,[1]!MatrizPre2025[Mes.Hist.Registro],N$7) -> 3828992.8 | Q16: =SUM(E16:P16) -> 36851678
A17: =+LEFT(B17,5) -> 2.2.2 | B17: 2.2.2-PUBLICIDAD, IMPRESIÓN Y ENCUADERNACIÓN | C17: =+SUMIF([1]!MatrizPre2026[Cod.Ref CCP Cuenta],LEFT(B17,5),[1]!MatrizPre2026[Pres. Inicial]) -> 84009361 | D17: 59876979 | E17: =SUMIFS([1]!MatrizPre2025[Devengado Aprobado],[1]!MatrizPre2025[Cod.Ref CCP Cuenta],'Ejecución mensual'!$A17,[1]!MatrizPre2025[Mes.Hist.Registro],E$7) -> 0 | F17: =SUMIFS([1]!MatrizPre2025[Devengado Aprobado],[1]!MatrizPre2025[Cod.Ref CCP Cuenta],'Ejecución mensual'!$A17,[1]!MatrizPre2025[Mes.Hist.Registro],F$7) -> 1928319.2 | G17: =SUMIFS([1]!MatrizPre2025[Devengado Aprobado],[1]!MatrizPre2025[Cod.Ref CCP Cuenta],'Ejecución mensual'!$A17,[1]!MatrizPre2025[Mes.Hist.Registro],G$7) -> 5557271.4 | H17: =SUMIFS([1]!MatrizPre2025[Devengado Aprobado],[1]!MatrizPre2025[Cod.Ref CCP Cuenta],'Ejecución mensual'!$A17,[1]!MatrizPre2025[Mes.Hist.Registro],H$7) -> 18798640 | I17: =SUMIFS([1]!MatrizPre2025[Devengado Aprobado],[1]!MatrizPre2025[Cod.Ref CCP Cuenta],'Ejecución mensual'!$A17,[1]!MatrizPre2025[Mes.Hist.Registro],I$7) -> 441975.17 | J17: =SUMIFS([1]!MatrizPre2025[Devengado Aprobado],[1]!MatrizPre2025[Cod.Ref CCP Cuenta],'Ejecución mensual'!$A17,[1]!MatrizPre2025[Mes.Hist.Registro],J$7) -> 624081.94 | K17: =SUMIFS([1]!MatrizPre2025[Devengado Aprobado],[1]!MatrizPre2025[Cod.Ref CCP Cuenta],'Ejecución mensual'!$A17,[1]!MatrizPre2025[Mes.Hist.Registro],K$7) -> 8019123.6 | L17: =SUMIFS([1]!MatrizPre2025[Devengado Aprobado],[1]!MatrizPre2025[Cod.Ref CCP Cuenta],'Ejecución mensual'!$A17,[1]!MatrizPre2025[Mes.Hist.Registro],L$7) -> 35372.68 | ... N17: =SUMIFS([1]!MatrizPre2025[Devengado Aprobado],[1]!MatrizPre2025[Cod.Ref CCP Cuenta],'Ejecución mensual'!$A17,[1]!MatrizPre2025[Mes.Hist.Registro],N$7) -> 357726.46 | Q17: =SUM(E17:P17) -> 49704735
A18: =+LEFT(B18,5) -> 2.2.3 | B18: 2.2.3-VIÁTICOS | C18: =+SUMIF([1]!MatrizPre2026[Cod.Ref CCP Cuenta],LEFT(B18,5),[1]!MatrizPre2026[Pres. Inicial]) -> 29600000 | D18: 22974990 | E18: =SUMIFS([1]!MatrizPre2025[Devengado Aprobado],[1]!MatrizPre2025[Cod.Ref CCP Cuenta],'Ejecución mensual'!$A18,[1]!MatrizPre2025[Mes.Hist.Registro],E$7) -> 994240.52 | F18: =SUMIFS([1]!MatrizPre2025[Devengado Aprobado],[1]!MatrizPre2025[Cod.Ref CCP Cuenta],'Ejecución mensual'!$A18,[1]!MatrizPre2025[Mes.Hist.Registro],F$7) -> 847855 | G18: =SUMIFS([1]!MatrizPre2025[Devengado Aprobado],[1]!MatrizPre2025[Cod.Ref CCP Cuenta],'Ejecución mensual'!$A18,[1]!MatrizPre2025[Mes.Hist.Registro],G$7) -> 3831007 | H18: =SUMIFS([1]!MatrizPre2025[Devengado Aprobado],[1]!MatrizPre2025[Cod.Ref CCP Cuenta],'Ejecución mensual'!$A18,[1]!MatrizPre2025[Mes.Hist.Registro],H$7) -> 1530986.8 | I18: =SUMIFS([1]!MatrizPre2025[Devengado Aprobado],[1]!MatrizPre2025[Cod.Ref CCP Cuenta],'Ejecución mensual'!$A18,[1]!MatrizPre2025[Mes.Hist.Registro],I$7) -> 2415093.7 | J18: =SUMIFS([1]!MatrizPre2025[Devengado Aprobado],[1]!MatrizPre2025[Cod.Ref CCP Cuenta],'Ejecución mensual'!$A18,[1]!MatrizPre2025[Mes.Hist.Registro],J$7) -> 3334404.3 | K18: =SUMIFS([1]!MatrizPre2025[Devengado Aprobado],[1]!MatrizPre2025[Cod.Ref CCP Cuenta],'Ejecución mensual'!$A18,[1]!MatrizPre2025[Mes.Hist.Registro],K$7) -> 1761189.9 | L18: =SUMIFS([1]!MatrizPre2025[Devengado Aprobado],[1]!MatrizPre2025[Cod.Ref CCP Cuenta],'Ejecución mensual'!$A18,[1]!MatrizPre2025[Mes.Hist.Registro],L$7) -> 3772287.5 | ... N18: =SUMIFS([1]!MatrizPre2025[Devengado Aprobado],[1]!MatrizPre2025[Cod.Ref CCP Cuenta],'Ejecución mensual'!$A18,[1]!MatrizPre2025[Mes.Hist.Registro],N$7) -> 2083657.3 | Q18: =SUM(E18:P18) -> 23234551
A19: =+LEFT(B19,5) -> 2.2.4 | B19: 2.2.4-TRANSPORTE Y ALMACENAJE | C19: =+SUMIF([1]!MatrizPre2026[Cod.Ref CCP Cuenta],LEFT(B19,5),[1]!MatrizPre2026[Pres. Inicial]) -> 1362750 | D19: 2996222 | E19: =SUMIFS([1]!MatrizPre2025[Devengado Aprobado],[1]!MatrizPre2025[Cod.Ref CCP Cuenta],'Ejecución mensual'!$A19,[1]!MatrizPre2025[Mes.Hist.Registro],E$7) -> 0 | F19: =SUMIFS([1]!MatrizPre2025[Devengado Aprobado],[1]!MatrizPre2025[Cod.Ref CCP Cuenta],'Ejecución mensual'!$A19,[1]!MatrizPre2025[Mes.Hist.Registro],F$7) -> 222473.26 | G19: =SUMIFS([1]!MatrizPre2025[Devengado Aprobado],[1]!MatrizPre2025[Cod.Ref CCP Cuenta],'Ejecución mensual'!$A19,[1]!MatrizPre2025[Mes.Hist.Registro],G$7) -> 150162.34 | H19: =SUMIFS([1]!MatrizPre2025[Devengado Aprobado],[1]!MatrizPre2025[Cod.Ref CCP Cuenta],'Ejecución mensual'!$A19,[1]!MatrizPre2025[Mes.Hist.Registro],H$7) -> 560865.87 | I19: =SUMIFS([1]!MatrizPre2025[Devengado Aprobado],[1]!MatrizPre2025[Cod.Ref CCP Cuenta],'Ejecución mensual'!$A19,[1]!MatrizPre2025[Mes.Hist.Registro],I$7) -> 71071.6 | J19: =SUMIFS([1]!MatrizPre2025[Devengado Aprobado],[1]!MatrizPre2025[Cod.Ref CCP Cuenta],'Ejecución mensual'!$A19,[1]!MatrizPre2025[Mes.Hist.Registro],J$7) -> 739862.95 | K19: =SUMIFS([1]!MatrizPre2025[Devengado Aprobado],[1]!MatrizPre2025[Cod.Ref CCP Cuenta],'Ejecución mensual'!$A19,[1]!MatrizPre2025[Mes.Hist.Registro],K$7) -> 620653.02 | L19: =SUMIFS([1]!MatrizPre2025[Devengado Aprobado],[1]!MatrizPre2025[Cod.Ref CCP Cuenta],'Ejecución mensual'!$A19,[1]!MatrizPre2025[Mes.Hist.Registro],L$7) -> 291155 | ... N19: =SUMIFS([1]!MatrizPre2025[Devengado Aprobado],[1]!MatrizPre2025[Cod.Ref CCP Cuenta],'Ejecución mensual'!$A19,[1]!MatrizPre2025[Mes.Hist.Registro],N$7) -> 442800 | Q19: =SUM(E19:P19) -> 3800974.5
A20: =+LEFT(B20,5) -> 2.2.5 | B20: 2.2.5-ALQUILERES Y RENTAS | C20: =+SUMIF([1]!MatrizPre2026[Cod.Ref CCP Cuenta],LEFT(B20,5),[1]!MatrizPre2026[Pres. Inicial]) -> 196461460 | D20: 1.0336251e+08 | E20: =SUMIFS([1]!MatrizPre2025[Devengado Aprobado],[1]!MatrizPre2025[Cod.Ref CCP Cuenta],'Ejecución mensual'!$A20,[1]!MatrizPre2025[Mes.Hist.Registro],E$7) -> 2388803.3 | F20: =SUMIFS([1]!MatrizPre2025[Devengado Aprobado],[1]!MatrizPre2025[Cod.Ref CCP Cuenta],'Ejecución mensual'!$A20,[1]!MatrizPre2025[Mes.Hist.Registro],F$7) -> 15520312 | G20: =SUMIFS([1]!MatrizPre2025[Devengado Aprobado],[1]!MatrizPre2025[Cod.Ref CCP Cuenta],'Ejecución mensual'!$A20,[1]!MatrizPre2025[Mes.Hist.Registro],G$7) -> 34218710 | H20: =SUMIFS([1]!MatrizPre2025[Devengado Aprobado],[1]!MatrizPre2025[Cod.Ref CCP Cuenta],'Ejecución mensual'!$A20,[1]!MatrizPre2025[Mes.Hist.Registro],H$7) -> 2524359.8 | I20: =SUMIFS([1]!MatrizPre2025[Devengado Aprobado],[1]!MatrizPre2025[Cod.Ref CCP Cuenta],'Ejecución mensual'!$A20,[1]!MatrizPre2025[Mes.Hist.Registro],I$7) -> 10023152 | J20: =SUMIFS([1]!MatrizPre2025[Devengado Aprobado],[1]!MatrizPre2025[Cod.Ref CCP Cuenta],'Ejecución mensual'!$A20,[1]!MatrizPre2025[Mes.Hist.Registro],J$7) -> 8476507.7 | K20: =SUMIFS([1]!MatrizPre2025[Devengado Aprobado],[1]!MatrizPre2025[Cod.Ref CCP Cuenta],'Ejecución mensual'!$A20,[1]!MatrizPre2025[Mes.Hist.Registro],K$7) -> 3950355.1 | L20: =SUMIFS([1]!MatrizPre2025[Devengado Aprobado],[1]!MatrizPre2025[Cod.Ref CCP Cuenta],'Ejecución mensual'!$A20,[1]!MatrizPre2025[Mes.Hist.Registro],L$7) -> 7495251.2 | ... N20: =SUMIFS([1]!MatrizPre2025[Devengado Aprobado],[1]!MatrizPre2025[Cod.Ref CCP Cuenta],'Ejecución mensual'!$A20,[1]!MatrizPre2025[Mes.Hist.Registro],N$7) -> 3174645.2 | Q20: =SUM(E20:P20) -> 89959216
A21: =+LEFT(B21,5) -> 2.2.6 | B21: 2.2.6-SEGUROS | C21: =+SUMIF([1]!MatrizPre2026[Cod.Ref CCP Cuenta],LEFT(B21,5),[1]!MatrizPre2026[Pres. Inicial]) -> 48720000 | D21: 38858632 | E21: =SUMIFS([1]!MatrizPre2025[Devengado Aprobado],[1]!MatrizPre2025[Cod.Ref CCP Cuenta],'Ejecución mensual'!$A21,[1]!MatrizPre2025[Mes.Hist.Registro],E$7) -> 2922524.8 | F21: =SUMIFS([1]!MatrizPre2025[Devengado Aprobado],[1]!MatrizPre2025[Cod.Ref CCP Cuenta],'Ejecución mensual'!$A21,[1]!MatrizPre2025[Mes.Hist.Registro],F$7) -> 1590465.3 | G21: =SUMIFS([1]!MatrizPre2025[Devengado Aprobado],[1]!MatrizPre2025[Cod.Ref CCP Cuenta],'Ejecución mensual'!$A21,[1]!MatrizPre2025[Mes.Hist.Registro],G$7) -> 4566723.7 | H21: =SUMIFS([1]!MatrizPre2025[Devengado Aprobado],[1]!MatrizPre2025[Cod.Ref CCP Cuenta],'Ejecución mensual'!$A21,[1]!MatrizPre2025[Mes.Hist.Registro],H$7) -> 5116146.4 | I21: =SUMIFS([1]!MatrizPre2025[Devengado Aprobado],[1]!MatrizPre2025[Cod.Ref CCP Cuenta],'Ejecución mensual'!$A21,[1]!MatrizPre2025[Mes.Hist.Registro],I$7) -> 3116577.7 | J21: =SUMIFS([1]!MatrizPre2025[Devengado Aprobado],[1]!MatrizPre2025[Cod.Ref CCP Cuenta],'Ejecución mensual'!$A21,[1]!MatrizPre2025[Mes.Hist.Registro],J$7) -> 3183035.6 | K21: =SUMIFS([1]!MatrizPre2025[Devengado Aprobado],[1]!MatrizPre2025[Cod.Ref CCP Cuenta],'Ejecución mensual'!$A21,[1]!MatrizPre2025[Mes.Hist.Registro],K$7) -> 3196077.5 | L21: =SUMIFS([1]!MatrizPre2025[Devengado Aprobado],[1]!MatrizPre2025[Cod.Ref CCP Cuenta],'Ejecución mensual'!$A21,[1]!MatrizPre2025[Mes.Hist.Registro],L$7) -> 3288425.3 | ... N21: =SUMIFS([1]!MatrizPre2025[Devengado Aprobado],[1]!MatrizPre2025[Cod.Ref CCP Cuenta],'Ejecución mensual'!$A21,[1]!MatrizPre2025[Mes.Hist.Registro],N$7) -> 2912361.3 | Q21: =SUM(E21:P21) -> 33148282
A22: =+LEFT(B22,5) -> 2.2.7 | B22: 2.2.7-SERVICIOS DE CONSERVACIÓN, REPARACIONES MENORES E INSTALACIONES TEMPORALES | C22: =+SUMIF([1]!MatrizPre2026[Cod.Ref CCP Cuenta],LEFT(B22,5),[1]!MatrizPre2026[Pres. Inicial]) -> 11023883 | D22: 13189129 | E22: =SUMIFS([1]!MatrizPre2025[Devengado Aprobado],[1]!MatrizPre2025[Cod.Ref CCP Cuenta],'Ejecución mensual'!$A22,[1]!MatrizPre2025[Mes.Hist.Registro],E$7) -> 579616 | F22: =SUMIFS([1]!MatrizPre2025[Devengado Aprobado],[1]!MatrizPre2025[Cod.Ref CCP Cuenta],'Ejecución mensual'!$A22,[1]!MatrizPre2025[Mes.Hist.Registro],F$7) -> 239965.98 | G22: =SUMIFS([1]!MatrizPre2025[Devengado Aprobado],[1]!MatrizPre2025[Cod.Ref CCP Cuenta],'Ejecución mensual'!$A22,[1]!MatrizPre2025[Mes.Hist.Registro],G$7) -> 965673.59 | H22: =SUMIFS([1]!MatrizPre2025[Devengado Aprobado],[1]!MatrizPre2025[Cod.Ref CCP Cuenta],'Ejecución mensual'!$A22,[1]!MatrizPre2025[Mes.Hist.Registro],H$7) -> 550401.64 | I22: =SUMIFS([1]!MatrizPre2025[Devengado Aprobado],[1]!MatrizPre2025[Cod.Ref CCP Cuenta],'Ejecución mensual'!$A22,[1]!MatrizPre2025[Mes.Hist.Registro],I$7) -> 975436.02 | J22: =SUMIFS([1]!MatrizPre2025[Devengado Aprobado],[1]!MatrizPre2025[Cod.Ref CCP Cuenta],'Ejecución mensual'!$A22,[1]!MatrizPre2025[Mes.Hist.Registro],J$7) -> 803918.69 | K22: =SUMIFS([1]!MatrizPre2025[Devengado Aprobado],[1]!MatrizPre2025[Cod.Ref CCP Cuenta],'Ejecución mensual'!$A22,[1]!MatrizPre2025[Mes.Hist.Registro],K$7) -> 1541095.4 | L22: =SUMIFS([1]!MatrizPre2025[Devengado Aprobado],[1]!MatrizPre2025[Cod.Ref CCP Cuenta],'Ejecución mensual'!$A22,[1]!MatrizPre2025[Mes.Hist.Registro],L$7) -> 1059643.8 | ... N22: =SUMIFS([1]!MatrizPre2025[Devengado Aprobado],[1]!MatrizPre2025[Cod.Ref CCP Cuenta],'Ejecución mensual'!$A22,[1]!MatrizPre2025[Mes.Hist.Registro],N$7) -> 485185.73 | Q22: =SUM(E22:P22) -> 7957430.1
A23: =+LEFT(B23,5) -> 2.2.8 | B23: 2.2.8-OTROS SERVICIOS NO INCLUIDOS EN CONCEPTOS ANTERIORES | C23: =+SUMIF([1]!MatrizPre2026[Cod.Ref CCP Cuenta],LEFT(B23,5),[1]!MatrizPre2026[Pres. Inicial]) -> 263544796 | D23: 3.227887e+08 | E23: =SUMIFS([1]!MatrizPre2025[Devengado Aprobado],[1]!MatrizPre2025[Cod.Ref CCP Cuenta],'Ejecución mensual'!$A23,[1]!MatrizPre2025[Mes.Hist.Registro],E$7) -> 3533641.9 | F23: =SUMIFS([1]!MatrizPre2025[Devengado Aprobado],[1]!MatrizPre2025[Cod.Ref CCP Cuenta],'Ejecución mensual'!$A23,[1]!MatrizPre2025[Mes.Hist.Registro],F$7) -> 10563220 | G23: =SUMIFS([1]!MatrizPre2025[Devengado Aprobado],[1]!MatrizPre2025[Cod.Ref CCP Cuenta],'Ejecución mensual'!$A23,[1]!MatrizPre2025[Mes.Hist.Registro],G$7) -> 8300876.7 | H23: =SUMIFS([1]!MatrizPre2025[Devengado Aprobado],[1]!MatrizPre2025[Cod.Ref CCP Cuenta],'Ejecución mensual'!$A23,[1]!MatrizPre2025[Mes.Hist.Registro],H$7) -> 15136511 | I23: =SUMIFS([1]!MatrizPre2025[Devengado Aprobado],[1]!MatrizPre2025[Cod.Ref CCP Cuenta],'Ejecución mensual'!$A23,[1]!MatrizPre2025[Mes.Hist.Registro],I$7) -> 17799850 | J23: =SUMIFS([1]!MatrizPre2025[Devengado Aprobado],[1]!MatrizPre2025[Cod.Ref CCP Cuenta],'Ejecución mensual'!$A23,[1]!MatrizPre2025[Mes.Hist.Registro],J$7) -> 47449920 | K23: =SUMIFS([1]!MatrizPre2025[Devengado Aprobado],[1]!MatrizPre2025[Cod.Ref CCP Cuenta],'Ejecución mensual'!$A23,[1]!MatrizPre2025[Mes.Hist.Registro],K$7) -> 16869229 | L23: =SUMIFS([1]!MatrizPre2025[Devengado Aprobado],[1]!MatrizPre2025[Cod.Ref CCP Cuenta],'Ejecución mensual'!$A23,[1]!MatrizPre2025[Mes.Hist.Registro],L$7) -> 11502620 | ... N23: =SUMIFS([1]!MatrizPre2025[Devengado Aprobado],[1]!MatrizPre2025[Cod.Ref CCP Cuenta],'Ejecución mensual'!$A23,[1]!MatrizPre2025[Mes.Hist.Registro],N$7) -> 22201892 | Q23: =SUM(E23:P23) -> 1.733805e+08
A24: =+LEFT(B24,5) -> 2.2.9 | B24: 2.2.9-OTRAS CONTRATACIONES DE SERVICIOS | C24: =+SUMIF([1]!MatrizPre2026[Cod.Ref CCP Cuenta],LEFT(B24,5),[1]!MatrizPre2026[Pres. Inicial]) -> 100564189 | D24: 60821999 | E24: =SUMIFS([1]!MatrizPre2025[Devengado Aprobado],[1]!MatrizPre2025[Cod.Ref CCP Cuenta],'Ejecución mensual'!$A24,[1]!MatrizPre2025[Mes.Hist.Registro],E$7) -> 1069546.1 | F24: =SUMIFS([1]!MatrizPre2025[Devengado Aprobado],[1]!MatrizPre2025[Cod.Ref CCP Cuenta],'Ejecución mensual'!$A24,[1]!MatrizPre2025[Mes.Hist.Registro],F$7) -> 663042 | G24: =SUMIFS([1]!MatrizPre2025[Devengado Aprobado],[1]!MatrizPre2025[Cod.Ref CCP Cuenta],'Ejecución mensual'!$A24,[1]!MatrizPre2025[Mes.Hist.Registro],G$7) -> 538349.3 | H24: =SUMIFS([1]!MatrizPre2025[Devengado Aprobado],[1]!MatrizPre2025[Cod.Ref CCP Cuenta],'Ejecución mensual'!$A24,[1]!MatrizPre2025[Mes.Hist.Registro],H$7) -> 3334302.4 | I24: =SUMIFS([1]!MatrizPre2025[Devengado Aprobado],[1]!MatrizPre2025[Cod.Ref CCP Cuenta],'Ejecución mensual'!$A24,[1]!MatrizPre2025[Mes.Hist.Registro],I$7) -> 1073408.4 | J24: =SUMIFS([1]!MatrizPre2025[Devengado Aprobado],[1]!MatrizPre2025[Cod.Ref CCP Cuenta],'Ejecución mensual'!$A24,[1]!MatrizPre2025[Mes.Hist.Registro],J$7) -> 2485125.8 | K24: =SUMIFS([1]!MatrizPre2025[Devengado Aprobado],[1]!MatrizPre2025[Cod.Ref CCP Cuenta],'Ejecución mensual'!$A24,[1]!MatrizPre2025[Mes.Hist.Registro],K$7) -> 20592222 | L24: =SUMIFS([1]!MatrizPre2025[Devengado Aprobado],[1]!MatrizPre2025[Cod.Ref CCP Cuenta],'Ejecución mensual'!$A24,[1]!MatrizPre2025[Mes.Hist.Registro],L$7) -> 2462344.8 | ... N24: =SUMIFS([1]!MatrizPre2025[Devengado Aprobado],[1]!MatrizPre2025[Cod.Ref CCP Cuenta],'Ejecución mensual'!$A24,[1]!MatrizPre2025[Mes.Hist.Registro],N$7) -> 2598823.1 | Q24: =SUM(E24:P24) -> 42899028
B25: 2.3-MATERIALES Y SUMINISTROS | C25: =SUM(C26:C33) -> 152936651 | D25: =SUM(D26:D33) -> 1.9129931e+08 | E25: =SUM(E26:E33) -> 4954343.9 | F25: =SUM(F26:F33) -> 10022119 | G25: =SUM(G26:G33) -> 17555243 | H25: =SUM(H26:H33) -> 12797478 | I25: =SUM(I26:I33) -> 11004934 | J25: =SUM(J26:J33) -> 10178601 | ... P25: =SUM(P26:P33) -> 0 | Q25: =SUM(E25:P25) -> 1.3009089e+08
A26: =+LEFT(B26,5) -> 2.3.1 | B26: 2.3.1-ALIMENTOS Y PRODUCTOS AGROFORESTALES | C26: =+SUMIF([1]!MatrizPre2026[Cod.Ref CCP Cuenta],LEFT(B26,5),[1]!MatrizPre2026[Pres. Inicial]) -> 4692000 | D26: 15925846 | E26: =SUMIFS([1]!MatrizPre2025[Devengado Aprobado],[1]!MatrizPre2025[Cod.Ref CCP Cuenta],'Ejecución mensual'!$A26,[1]!MatrizPre2025[Mes.Hist.Registro],E$7) -> 811084.13 | F26: =SUMIFS([1]!MatrizPre2025[Devengado Aprobado],[1]!MatrizPre2025[Cod.Ref CCP Cuenta],'Ejecución mensual'!$A26,[1]!MatrizPre2025[Mes.Hist.Registro],F$7) -> 128842.95 | G26: =SUMIFS([1]!MatrizPre2025[Devengado Aprobado],[1]!MatrizPre2025[Cod.Ref CCP Cuenta],'Ejecución mensual'!$A26,[1]!MatrizPre2025[Mes.Hist.Registro],G$7) -> 525732.38 | H26: =SUMIFS([1]!MatrizPre2025[Devengado Aprobado],[1]!MatrizPre2025[Cod.Ref CCP Cuenta],'Ejecución mensual'!$A26,[1]!MatrizPre2025[Mes.Hist.Registro],H$7) -> 1465975.3 | I26: =SUMIFS([1]!MatrizPre2025[Devengado Aprobado],[1]!MatrizPre2025[Cod.Ref CCP Cuenta],'Ejecución mensual'!$A26,[1]!MatrizPre2025[Mes.Hist.Registro],I$7) -> 1643395.3 | J26: =SUMIFS([1]!MatrizPre2025[Devengado Aprobado],[1]!MatrizPre2025[Cod.Ref CCP Cuenta],'Ejecución mensual'!$A26,[1]!MatrizPre2025[Mes.Hist.Registro],J$7) -> 1852061.5 | K26: =SUMIFS([1]!MatrizPre2025[Devengado Aprobado],[1]!MatrizPre2025[Cod.Ref CCP Cuenta],'Ejecución mensual'!$A26,[1]!MatrizPre2025[Mes.Hist.Registro],K$7) -> 2454426.6 | L26: =SUMIFS([1]!MatrizPre2025[Devengado Aprobado],[1]!MatrizPre2025[Cod.Ref CCP Cuenta],'Ejecución mensual'!$A26,[1]!MatrizPre2025[Mes.Hist.Registro],L$7) -> 609977.4 | ... N26: =SUMIFS([1]!MatrizPre2025[Devengado Aprobado],[1]!MatrizPre2025[Cod.Ref CCP Cuenta],'Ejecución mensual'!$A26,[1]!MatrizPre2025[Mes.Hist.Registro],N$7) -> 109562.93 | Q26: =SUM(E26:P26) -> 9956884.3
A27: =+LEFT(B27,5) -> 2.3.2 | B27: 2.3.2-TEXTILES Y VESTUARIOS | C27: =+SUMIF([1]!MatrizPre2026[Cod.Ref CCP Cuenta],LEFT(B27,5),[1]!MatrizPre2026[Pres. Inicial]) -> 6110000 | D27: 8823695.9 | E27: =SUMIFS([1]!MatrizPre2025[Devengado Aprobado],[1]!MatrizPre2025[Cod.Ref CCP Cuenta],'Ejecución mensual'!$A27,[1]!MatrizPre2025[Mes.Hist.Registro],E$7) -> 0 | F27: =SUMIFS([1]!MatrizPre2025[Devengado Aprobado],[1]!MatrizPre2025[Cod.Ref CCP Cuenta],'Ejecución mensual'!$A27,[1]!MatrizPre2025[Mes.Hist.Registro],F$7) -> 0 | G27: =SUMIFS([1]!MatrizPre2025[Devengado Aprobado],[1]!MatrizPre2025[Cod.Ref CCP Cuenta],'Ejecución mensual'!$A27,[1]!MatrizPre2025[Mes.Hist.Registro],G$7) -> 452954.8 | H27: =SUMIFS([1]!MatrizPre2025[Devengado Aprobado],[1]!MatrizPre2025[Cod.Ref CCP Cuenta],'Ejecución mensual'!$A27,[1]!MatrizPre2025[Mes.Hist.Registro],H$7) -> 52864 | I27: =SUMIFS([1]!MatrizPre2025[Devengado Aprobado],[1]!MatrizPre2025[Cod.Ref CCP Cuenta],'Ejecución mensual'!$A27,[1]!MatrizPre2025[Mes.Hist.Registro],I$7) -> 1535334.1 | J27: =SUMIFS([1]!MatrizPre2025[Devengado Aprobado],[1]!MatrizPre2025[Cod.Ref CCP Cuenta],'Ejecución mensual'!$A27,[1]!MatrizPre2025[Mes.Hist.Registro],J$7) -> 1300690.4 | K27: =SUMIFS([1]!MatrizPre2025[Devengado Aprobado],[1]!MatrizPre2025[Cod.Ref CCP Cuenta],'Ejecución mensual'!$A27,[1]!MatrizPre2025[Mes.Hist.Registro],K$7) -> 831162.5 | L27: =SUMIFS([1]!MatrizPre2025[Devengado Aprobado],[1]!MatrizPre2025[Cod.Ref CCP Cuenta],'Ejecución mensual'!$A27,[1]!MatrizPre2025[Mes.Hist.Registro],L$7) -> 174168 | ... N27: =SUMIFS([1]!MatrizPre2025[Devengado Aprobado],[1]!MatrizPre2025[Cod.Ref CCP Cuenta],'Ejecución mensual'!$A27,[1]!MatrizPre2025[Mes.Hist.Registro],N$7) -> 26550 | Q27: =SUM(E27:P27) -> 4594355.8
A28: =+LEFT(B28,5) -> 2.3.3 | B28: 2.3.3-PRODUCTOS DE PAPEL, CARTÓN E IMPRESOS | C28: =+SUMIF([1]!MatrizPre2026[Cod.Ref CCP Cuenta],LEFT(B28,5),[1]!MatrizPre2026[Pres. Inicial]) -> 6050000 | D28: 3326977 | E28: =SUMIFS([1]!MatrizPre2025[Devengado Aprobado],[1]!MatrizPre2025[Cod.Ref CCP Cuenta],'Ejecución mensual'!$A28,[1]!MatrizPre2025[Mes.Hist.Registro],E$7) -> 0 | F28: =SUMIFS([1]!MatrizPre2025[Devengado Aprobado],[1]!MatrizPre2025[Cod.Ref CCP Cuenta],'Ejecución mensual'!$A28,[1]!MatrizPre2025[Mes.Hist.Registro],F$7) -> 14679.2 | G28: =SUMIFS([1]!MatrizPre2025[Devengado Aprobado],[1]!MatrizPre2025[Cod.Ref CCP Cuenta],'Ejecución mensual'!$A28,[1]!MatrizPre2025[Mes.Hist.Registro],G$7) -> 304355.18 | H28: =SUMIFS([1]!MatrizPre2025[Devengado Aprobado],[1]!MatrizPre2025[Cod.Ref CCP Cuenta],'Ejecución mensual'!$A28,[1]!MatrizPre2025[Mes.Hist.Registro],H$7) -> 11667.99 | I28: =SUMIFS([1]!MatrizPre2025[Devengado Aprobado],[1]!MatrizPre2025[Cod.Ref CCP Cuenta],'Ejecución mensual'!$A28,[1]!MatrizPre2025[Mes.Hist.Registro],I$7) -> 150284.82 | J28: =SUMIFS([1]!MatrizPre2025[Devengado Aprobado],[1]!MatrizPre2025[Cod.Ref CCP Cuenta],'Ejecución mensual'!$A28,[1]!MatrizPre2025[Mes.Hist.Registro],J$7) -> 114718.5 | K28: =SUMIFS([1]!MatrizPre2025[Devengado Aprobado],[1]!MatrizPre2025[Cod.Ref CCP Cuenta],'Ejecución mensual'!$A28,[1]!MatrizPre2025[Mes.Hist.Registro],K$7) -> 79499.55 | L28: =SUMIFS([1]!MatrizPre2025[Devengado Aprobado],[1]!MatrizPre2025[Cod.Ref CCP Cuenta],'Ejecución mensual'!$A28,[1]!MatrizPre2025[Mes.Hist.Registro],L$7) -> 3008.01 | ... N28: =SUMIFS([1]!MatrizPre2025[Devengado Aprobado],[1]!MatrizPre2025[Cod.Ref CCP Cuenta],'Ejecución mensual'!$A28,[1]!MatrizPre2025[Mes.Hist.Registro],N$7) -> 5600 | Q28: =SUM(E28:P28) -> 683813.25
A29: =+LEFT(B29,5) -> 2.3.4 | B29: 2.3.4-PRODUCTOS FARMACÉUTICOS | C29: =+SUMIF([1]!MatrizPre2026[Cod.Ref CCP Cuenta],LEFT(B29,5),[1]!MatrizPre2026[Pres. Inicial]) -> 500000 | D29: 262360 | E29: =SUMIFS([1]!MatrizPre2025[Devengado Aprobado],[1]!MatrizPre2025[Cod.Ref CCP Cuenta],'Ejecución mensual'!$A29,[1]!MatrizPre2025[Mes.Hist.Registro],E$7) -> 0 | F29: =SUMIFS([1]!MatrizPre2025[Devengado Aprobado],[1]!MatrizPre2025[Cod.Ref CCP Cuenta],'Ejecución mensual'!$A29,[1]!MatrizPre2025[Mes.Hist.Registro],F$7) -> 0 | G29: =SUMIFS([1]!MatrizPre2025[Devengado Aprobado],[1]!MatrizPre2025[Cod.Ref CCP Cuenta],'Ejecución mensual'!$A29,[1]!MatrizPre2025[Mes.Hist.Registro],G$7) -> 0 | H29: =SUMIFS([1]!MatrizPre2025[Devengado Aprobado],[1]!MatrizPre2025[Cod.Ref CCP Cuenta],'Ejecución mensual'!$A29,[1]!MatrizPre2025[Mes.Hist.Registro],H$7) -> 152959.5 | I29: =SUMIFS([1]!MatrizPre2025[Devengado Aprobado],[1]!MatrizPre2025[Cod.Ref CCP Cuenta],'Ejecución mensual'!$A29,[1]!MatrizPre2025[Mes.Hist.Registro],I$7) -> 4248 | J29: =SUMIFS([1]!MatrizPre2025[Devengado Aprobado],[1]!MatrizPre2025[Cod.Ref CCP Cuenta],'Ejecución mensual'!$A29,[1]!MatrizPre2025[Mes.Hist.Registro],J$7) -> 2940.42 | K29: =SUMIFS([1]!MatrizPre2025[Devengado Aprobado],[1]!MatrizPre2025[Cod.Ref CCP Cuenta],'Ejecución mensual'!$A29,[1]!MatrizPre2025[Mes.Hist.Registro],K$7) -> 0 | L29: =SUMIFS([1]!MatrizPre2025[Devengado Aprobado],[1]!MatrizPre2025[Cod.Ref CCP Cuenta],'Ejecución mensual'!$A29,[1]!MatrizPre2025[Mes.Hist.Registro],L$7) -> 4964.75 | ... N29: =SUMIFS([1]!MatrizPre2025[Devengado Aprobado],[1]!MatrizPre2025[Cod.Ref CCP Cuenta],'Ejecución mensual'!$A29,[1]!MatrizPre2025[Mes.Hist.Registro],N$7) -> 1937.47 | Q29: =SUM(E29:P29) -> 225574.22
A30: =+LEFT(B30,5) -> 2.3.5 | B30: 2.3.5-PRODUCTOS DE CUERO, CAUCHO Y PLÁSTICO | C30: =+SUMIF([1]!MatrizPre2026[Cod.Ref CCP Cuenta],LEFT(B30,5),[1]!MatrizPre2026[Pres. Inicial]) -> 904250 | D30: 1882234 | E30: =SUMIFS([1]!MatrizPre2025[Devengado Aprobado],[1]!MatrizPre2025[Cod.Ref CCP Cuenta],'Ejecución mensual'!$A30,[1]!MatrizPre2025[Mes.Hist.Registro],E$7) -> 0 | F30: =SUMIFS([1]!MatrizPre2025[Devengado Aprobado],[1]!MatrizPre2025[Cod.Ref CCP Cuenta],'Ejecución mensual'!$A30,[1]!MatrizPre2025[Mes.Hist.Registro],F$7) -> 0 | G30: =SUMIFS([1]!MatrizPre2025[Devengado Aprobado],[1]!MatrizPre2025[Cod.Ref CCP Cuenta],'Ejecución mensual'!$A30,[1]!MatrizPre2025[Mes.Hist.Registro],G$7) -> 0 | H30: =SUMIFS([1]!MatrizPre2025[Devengado Aprobado],[1]!MatrizPre2025[Cod.Ref CCP Cuenta],'Ejecución mensual'!$A30,[1]!MatrizPre2025[Mes.Hist.Registro],H$7) -> 0 | I30: =SUMIFS([1]!MatrizPre2025[Devengado Aprobado],[1]!MatrizPre2025[Cod.Ref CCP Cuenta],'Ejecución mensual'!$A30,[1]!MatrizPre2025[Mes.Hist.Registro],I$7) -> 0 | J30: =SUMIFS([1]!MatrizPre2025[Devengado Aprobado],[1]!MatrizPre2025[Cod.Ref CCP Cuenta],'Ejecución mensual'!$A30,[1]!MatrizPre2025[Mes.Hist.Registro],J$7) -> 1519177.8 | K30: =SUMIFS([1]!MatrizPre2025[Devengado Aprobado],[1]!MatrizPre2025[Cod.Ref CCP Cuenta],'Ejecución mensual'!$A30,[1]!MatrizPre2025[Mes.Hist.Registro],K$7) -> 0 | L30: =SUMIFS([1]!MatrizPre2025[Devengado Aprobado],[1]!MatrizPre2025[Cod.Ref CCP Cuenta],'Ejecución mensual'!$A30,[1]!MatrizPre2025[Mes.Hist.Registro],L$7) -> 130181.1 | ... N30: =SUMIFS([1]!MatrizPre2025[Devengado Aprobado],[1]!MatrizPre2025[Cod.Ref CCP Cuenta],'Ejecución mensual'!$A30,[1]!MatrizPre2025[Mes.Hist.Registro],N$7) -> 0 | Q30: =SUM(E30:P30) -> 1649358.9
A31: =+LEFT(B31,5) -> 2.3.6 | B31: 2.3.6-PRODUCTOS DE MINERALES, METÁLICOS Y NO METÁLICOS | C31: =+SUMIF([1]!MatrizPre2026[Cod.Ref CCP Cuenta],LEFT(B31,5),[1]!MatrizPre2026[Pres. Inicial]) -> 6314595 | D31: 11499034 | E31: =SUMIFS([1]!MatrizPre2025[Devengado Aprobado],[1]!MatrizPre2025[Cod.Ref CCP Cuenta],'Ejecución mensual'!$A31,[1]!MatrizPre2025[Mes.Hist.Registro],E$7) -> 277013.26 | F31: =SUMIFS([1]!MatrizPre2025[Devengado Aprobado],[1]!MatrizPre2025[Cod.Ref CCP Cuenta],'Ejecución mensual'!$A31,[1]!MatrizPre2025[Mes.Hist.Registro],F$7) -> 1581.2 | G31: =SUMIFS([1]!MatrizPre2025[Devengado Aprobado],[1]!MatrizPre2025[Cod.Ref CCP Cuenta],'Ejecución mensual'!$A31,[1]!MatrizPre2025[Mes.Hist.Registro],G$7) -> 62516.4 | H31: =SUMIFS([1]!MatrizPre2025[Devengado Aprobado],[1]!MatrizPre2025[Cod.Ref CCP Cuenta],'Ejecución mensual'!$A31,[1]!MatrizPre2025[Mes.Hist.Registro],H$7) -> 6800.34 | I31: =SUMIFS([1]!MatrizPre2025[Devengado Aprobado],[1]!MatrizPre2025[Cod.Ref CCP Cuenta],'Ejecución mensual'!$A31,[1]!MatrizPre2025[Mes.Hist.Registro],I$7) -> 202704.48 | J31: =SUMIFS([1]!MatrizPre2025[Devengado Aprobado],[1]!MatrizPre2025[Cod.Ref CCP Cuenta],'Ejecución mensual'!$A31,[1]!MatrizPre2025[Mes.Hist.Registro],J$7) -> 491393.89 | K31: =SUMIFS([1]!MatrizPre2025[Devengado Aprobado],[1]!MatrizPre2025[Cod.Ref CCP Cuenta],'Ejecución mensual'!$A31,[1]!MatrizPre2025[Mes.Hist.Registro],K$7) -> 500287.97 | L31: =SUMIFS([1]!MatrizPre2025[Devengado Aprobado],[1]!MatrizPre2025[Cod.Ref CCP Cuenta],'Ejecución mensual'!$A31,[1]!MatrizPre2025[Mes.Hist.Registro],L$7) -> 49268.16 | ... N31: =SUMIFS([1]!MatrizPre2025[Devengado Aprobado],[1]!MatrizPre2025[Cod.Ref CCP Cuenta],'Ejecución mensual'!$A31,[1]!MatrizPre2025[Mes.Hist.Registro],N$7) -> 82297.01 | Q31: =SUM(E31:P31) -> 2567378.5
A32: =+LEFT(B32,5) -> 2.3.7 | B32: 2.3.7-COMBUSTIBLES, LUBRICANTES, PRODUCTOS QUÍMICOS Y CONEXOS | C32: =+SUMIF([1]!MatrizPre2026[Cod.Ref CCP Cuenta],LEFT(B32,5),[1]!MatrizPre2026[Pres. Inicial]) -> 59089893 | D32: 56710651 | E32: =SUMIFS([1]!MatrizPre2025[Devengado Aprobado],[1]!MatrizPre2025[Cod.Ref CCP Cuenta],'Ejecución mensual'!$A32,[1]!MatrizPre2025[Mes.Hist.Registro],E$7) -> 1592462.2 | F32: =SUMIFS([1]!MatrizPre2025[Devengado Aprobado],[1]!MatrizPre2025[Cod.Ref CCP Cuenta],'Ejecución mensual'!$A32,[1]!MatrizPre2025[Mes.Hist.Registro],F$7) -> 233666.1 | G32: =SUMIFS([1]!MatrizPre2025[Devengado Aprobado],[1]!MatrizPre2025[Cod.Ref CCP Cuenta],'Ejecución mensual'!$A32,[1]!MatrizPre2025[Mes.Hist.Registro],G$7) -> 11860685 | H32: =SUMIFS([1]!MatrizPre2025[Devengado Aprobado],[1]!MatrizPre2025[Cod.Ref CCP Cuenta],'Ejecución mensual'!$A32,[1]!MatrizPre2025[Mes.Hist.Registro],H$7) -> 3867461.5 | I32: =SUMIFS([1]!MatrizPre2025[Devengado Aprobado],[1]!MatrizPre2025[Cod.Ref CCP Cuenta],'Ejecución mensual'!$A32,[1]!MatrizPre2025[Mes.Hist.Registro],I$7) -> 4958148.4 | J32: =SUMIFS([1]!MatrizPre2025[Devengado Aprobado],[1]!MatrizPre2025[Cod.Ref CCP Cuenta],'Ejecución mensual'!$A32,[1]!MatrizPre2025[Mes.Hist.Registro],J$7) -> 1738747 | K32: =SUMIFS([1]!MatrizPre2025[Devengado Aprobado],[1]!MatrizPre2025[Cod.Ref CCP Cuenta],'Ejecución mensual'!$A32,[1]!MatrizPre2025[Mes.Hist.Registro],K$7) -> 2837877.3 | L32: =SUMIFS([1]!MatrizPre2025[Devengado Aprobado],[1]!MatrizPre2025[Cod.Ref CCP Cuenta],'Ejecución mensual'!$A32,[1]!MatrizPre2025[Mes.Hist.Registro],L$7) -> 242293.92 | ... N32: =SUMIFS([1]!MatrizPre2025[Devengado Aprobado],[1]!MatrizPre2025[Cod.Ref CCP Cuenta],'Ejecución mensual'!$A32,[1]!MatrizPre2025[Mes.Hist.Registro],N$7) -> 2034888.7 | Q32: =SUM(E32:P32) -> 40427015
A33: =+LEFT(B33,5) -> 2.3.9 | B33: 2.3.9-PRODUCTOS Y ÚTILES VARIOS | C33: =+SUMIF([1]!MatrizPre2026[Cod.Ref CCP Cuenta],LEFT(B33,5),[1]!MatrizPre2026[Pres. Inicial]) -> 69275913 | D33: 92868517 | E33: =SUMIFS([1]!MatrizPre2025[Devengado Aprobado],[1]!MatrizPre2025[Cod.Ref CCP Cuenta],'Ejecución mensual'!$A33,[1]!MatrizPre2025[Mes.Hist.Registro],E$7) -> 2273784.4 | F33: =SUMIFS([1]!MatrizPre2025[Devengado Aprobado],[1]!MatrizPre2025[Cod.Ref CCP Cuenta],'Ejecución mensual'!$A33,[1]!MatrizPre2025[Mes.Hist.Registro],F$7) -> 9643349.1 | G33: =SUMIFS([1]!MatrizPre2025[Devengado Aprobado],[1]!MatrizPre2025[Cod.Ref CCP Cuenta],'Ejecución mensual'!$A33,[1]!MatrizPre2025[Mes.Hist.Registro],G$7) -> 4348999.3 | H33: =SUMIFS([1]!MatrizPre2025[Devengado Aprobado],[1]!MatrizPre2025[Cod.Ref CCP Cuenta],'Ejecución mensual'!$A33,[1]!MatrizPre2025[Mes.Hist.Registro],H$7) -> 7239749 | I33: =SUMIFS([1]!MatrizPre2025[Devengado Aprobado],[1]!MatrizPre2025[Cod.Ref CCP Cuenta],'Ejecución mensual'!$A33,[1]!MatrizPre2025[Mes.Hist.Registro],I$7) -> 2510818.3 | J33: =SUMIFS([1]!MatrizPre2025[Devengado Aprobado],[1]!MatrizPre2025[Cod.Ref CCP Cuenta],'Ejecución mensual'!$A33,[1]!MatrizPre2025[Mes.Hist.Registro],J$7) -> 3158871.3 | K33: =SUMIFS([1]!MatrizPre2025[Devengado Aprobado],[1]!MatrizPre2025[Cod.Ref CCP Cuenta],'Ejecución mensual'!$A33,[1]!MatrizPre2025[Mes.Hist.Registro],K$7) -> 27971189 | L33: =SUMIFS([1]!MatrizPre2025[Devengado Aprobado],[1]!MatrizPre2025[Cod.Ref CCP Cuenta],'Ejecución mensual'!$A33,[1]!MatrizPre2025[Mes.Hist.Registro],L$7) -> 8585590.8 | ... N33: =SUMIFS([1]!MatrizPre2025[Devengado Aprobado],[1]!MatrizPre2025[Cod.Ref CCP Cuenta],'Ejecución mensual'!$A33,[1]!MatrizPre2025[Mes.Hist.Registro],N$7) -> 1297727.4 | Q33: =SUM(E33:P33) -> 69986509
B34: 2.4-TRANSFERENCIAS CORRIENTES | C34: =SUM(C35:C41) -> 737938367 | D34: =SUM(D35:D41) -> 1649378988 | E34: =SUM(E35:E41) -> 0 | F34: =SUM(F35:F41) -> 1.6228021e+08 | G34: =SUM(G35:G41) -> 52252424 | H34: =SUM(H35:H41) -> 49715255 | I34: =SUM(I35:I41) -> 51351359 | J34: =SUM(J35:J41) -> 56189550 | ... P34: =SUM(P35:P41) -> 0 | Q34: =SUM(E34:P34) -> 1.0309915e+09
A35: =+LEFT(B35,5) -> 2.4.1 | B35: 2.4.1-TRANSFERENCIAS CORRIENTES AL SECTOR PRIVADO | C35: =+SUMIF([1]!MatrizPre2026[Cod.Ref CCP Cuenta],LEFT(B35,5),[1]!MatrizPre2026[Pres. Inicial]) -> 64838367 | D35: 83561367 | E35: =SUMIFS([1]!MatrizPre2025[Devengado Aprobado],[1]!MatrizPre2025[Cod.Ref CCP Cuenta],'Ejecución mensual'!$A35,[1]!MatrizPre2025[Mes.Hist.Registro],E$7) -> 0 | F35: =SUMIFS([1]!MatrizPre2025[Devengado Aprobado],[1]!MatrizPre2025[Cod.Ref CCP Cuenta],'Ejecución mensual'!$A35,[1]!MatrizPre2025[Mes.Hist.Registro],F$7) -> 386733.57 | G35: =SUMIFS([1]!MatrizPre2025[Devengado Aprobado],[1]!MatrizPre2025[Cod.Ref CCP Cuenta],'Ejecución mensual'!$A35,[1]!MatrizPre2025[Mes.Hist.Registro],G$7) -> 4431910.9 | H35: =SUMIFS([1]!MatrizPre2025[Devengado Aprobado],[1]!MatrizPre2025[Cod.Ref CCP Cuenta],'Ejecución mensual'!$A35,[1]!MatrizPre2025[Mes.Hist.Registro],H$7) -> 1894742.6 | I35: =SUMIFS([1]!MatrizPre2025[Devengado Aprobado],[1]!MatrizPre2025[Cod.Ref CCP Cuenta],'Ejecución mensual'!$A35,[1]!MatrizPre2025[Mes.Hist.Registro],I$7) -> 1660433.4 | J35: =SUMIFS([1]!MatrizPre2025[Devengado Aprobado],[1]!MatrizPre2025[Cod.Ref CCP Cuenta],'Ejecución mensual'!$A35,[1]!MatrizPre2025[Mes.Hist.Registro],J$7) -> 8369037.3 | K35: =SUMIFS([1]!MatrizPre2025[Devengado Aprobado],[1]!MatrizPre2025[Cod.Ref CCP Cuenta],'Ejecución mensual'!$A35,[1]!MatrizPre2025[Mes.Hist.Registro],K$7) -> 8376438.1 | L35: =SUMIFS([1]!MatrizPre2025[Devengado Aprobado],[1]!MatrizPre2025[Cod.Ref CCP Cuenta],'Ejecución mensual'!$A35,[1]!MatrizPre2025[Mes.Hist.Registro],L$7) -> 1930518.4 | ... N35: =SUMIFS([1]!MatrizPre2025[Devengado Aprobado],[1]!MatrizPre2025[Cod.Ref CCP Cuenta],'Ejecución mensual'!$A35,[1]!MatrizPre2025[Mes.Hist.Registro],N$7) -> 1886539.9 | Q35: =SUM(E35:P35) -> 38496868
A36: =+LEFT(B36,5) -> 2.4.2 | B36: 2.4.2-TRANSFERENCIAS CORRIENTES AL GOBIERNO GENERAL NACIONAL | C36: =+SUMIF([1]!MatrizPre2026[Cod.Ref CCP Cuenta],LEFT(B36,5),[1]!MatrizPre2026[Pres. Inicial]) -> 135000000 | D36: 135000000 | E36: =SUMIFS([1]!MatrizPre2025[Devengado Aprobado],[1]!MatrizPre2025[Cod.Ref CCP Cuenta],'Ejecución mensual'!$A36,[1]!MatrizPre2025[Mes.Hist.Registro],E$7) -> 0 | F36: =SUMIFS([1]!MatrizPre2025[Devengado Aprobado],[1]!MatrizPre2025[Cod.Ref CCP Cuenta],'Ejecución mensual'!$A36,[1]!MatrizPre2025[Mes.Hist.Registro],F$7) -> 67307692 | G36: =SUMIFS([1]!MatrizPre2025[Devengado Aprobado],[1]!MatrizPre2025[Cod.Ref CCP Cuenta],'Ejecución mensual'!$A36,[1]!MatrizPre2025[Mes.Hist.Registro],G$7) -> 6153846.2 | H36: =SUMIFS([1]!MatrizPre2025[Devengado Aprobado],[1]!MatrizPre2025[Cod.Ref CCP Cuenta],'Ejecución mensual'!$A36,[1]!MatrizPre2025[Mes.Hist.Registro],H$7) -> 6153846.2 | I36: =SUMIFS([1]!MatrizPre2025[Devengado Aprobado],[1]!MatrizPre2025[Cod.Ref CCP Cuenta],'Ejecución mensual'!$A36,[1]!MatrizPre2025[Mes.Hist.Registro],I$7) -> 6153846.2 | J36: =SUMIFS([1]!MatrizPre2025[Devengado Aprobado],[1]!MatrizPre2025[Cod.Ref CCP Cuenta],'Ejecución mensual'!$A36,[1]!MatrizPre2025[Mes.Hist.Registro],J$7) -> 6153846.2 | K36: =SUMIFS([1]!MatrizPre2025[Devengado Aprobado],[1]!MatrizPre2025[Cod.Ref CCP Cuenta],'Ejecución mensual'!$A36,[1]!MatrizPre2025[Mes.Hist.Registro],K$7) -> 0 | L36: =SUMIFS([1]!MatrizPre2025[Devengado Aprobado],[1]!MatrizPre2025[Cod.Ref CCP Cuenta],'Ejecución mensual'!$A36,[1]!MatrizPre2025[Mes.Hist.Registro],L$7) -> 0 | ... N36: =SUMIFS([1]!MatrizPre2025[Devengado Aprobado],[1]!MatrizPre2025[Cod.Ref CCP Cuenta],'Ejecución mensual'!$A36,[1]!MatrizPre2025[Mes.Hist.Registro],N$7) -> 10653846 | Q36: =SUM(E36:P36) -> 1.2103846e+08
A37: =+LEFT(B37,5) -> 2.4.3 | B37: 2.4.3-TRANSFERENCIAS CORRIENTES AL GOBIERNO GENERALES LOCALES | C37: =+SUMIF([1]!MatrizPre2026[Cod.Ref CCP Cuenta],LEFT(B37,5),[1]!MatrizPre2026[Pres. Inicial]) -> 0 | E37: =SUMIFS([1]!MatrizPre2025[Devengado Aprobado],[1]!MatrizPre2025[Cod.Ref CCP Cuenta],'Ejecución mensual'!$A37,[1]!MatrizPre2025[Mes.Hist.Registro],E$7) -> 0 | F37: =SUMIFS([1]!MatrizPre2025[Devengado Aprobado],[1]!MatrizPre2025[Cod.Ref CCP Cuenta],'Ejecución mensual'!$A37,[1]!MatrizPre2025[Mes.Hist.Registro],F$7) -> 0 | G37: =SUMIFS([1]!MatrizPre2025[Devengado Aprobado],[1]!MatrizPre2025[Cod.Ref CCP Cuenta],'Ejecución mensual'!$A37,[1]!MatrizPre2025[Mes.Hist.Registro],G$7) -> 0 | H37: =SUMIFS([1]!MatrizPre2025[Devengado Aprobado],[1]!MatrizPre2025[Cod.Ref CCP Cuenta],'Ejecución mensual'!$A37,[1]!MatrizPre2025[Mes.Hist.Registro],H$7) -> 0 | I37: =SUMIFS([1]!MatrizPre2025[Devengado Aprobado],[1]!MatrizPre2025[Cod.Ref CCP Cuenta],'Ejecución mensual'!$A37,[1]!MatrizPre2025[Mes.Hist.Registro],I$7) -> 0 | J37: =SUMIFS([1]!MatrizPre2025[Devengado Aprobado],[1]!MatrizPre2025[Cod.Ref CCP Cuenta],'Ejecución mensual'!$A37,[1]!MatrizPre2025[Mes.Hist.Registro],J$7) -> 0 | K37: =SUMIFS([1]!MatrizPre2025[Devengado Aprobado],[1]!MatrizPre2025[Cod.Ref CCP Cuenta],'Ejecución mensual'!$A37,[1]!MatrizPre2025[Mes.Hist.Registro],K$7) -> 0 | L37: =SUMIFS([1]!MatrizPre2025[Devengado Aprobado],[1]!MatrizPre2025[Cod.Ref CCP Cuenta],'Ejecución mensual'!$A37,[1]!MatrizPre2025[Mes.Hist.Registro],L$7) -> 0 | ... N37: =SUMIFS([1]!MatrizPre2025[Devengado Aprobado],[1]!MatrizPre2025[Cod.Ref CCP Cuenta],'Ejecución mensual'!$A37,[1]!MatrizPre2025[Mes.Hist.Registro],N$7) -> 0 | Q37: =SUM(E37:P37) -> 0
A38: =+LEFT(B38,5) -> 2.4.4 | B38: 2.4.4-TRANSFERENCIAS CORRIENTES A EMPRESAS PUBLICAS NO FINANCIERAS | C38: =+SUMIF([1]!MatrizPre2026[Cod.Ref CCP Cuenta],LEFT(B38,5),[1]!MatrizPre2026[Pres. Inicial]) -> 0 | D38: 876000000 | E38: =SUMIFS([1]!MatrizPre2025[Devengado Aprobado],[1]!MatrizPre2025[Cod.Ref CCP Cuenta],'Ejecución mensual'!$A38,[1]!MatrizPre2025[Mes.Hist.Registro],E$7) -> 0 | F38: =SUMIFS([1]!MatrizPre2025[Devengado Aprobado],[1]!MatrizPre2025[Cod.Ref CCP Cuenta],'Ejecución mensual'!$A38,[1]!MatrizPre2025[Mes.Hist.Registro],F$7) -> 0 | G38: =SUMIFS([1]!MatrizPre2025[Devengado Aprobado],[1]!MatrizPre2025[Cod.Ref CCP Cuenta],'Ejecución mensual'!$A38,[1]!MatrizPre2025[Mes.Hist.Registro],G$7) -> 0 | H38: =SUMIFS([1]!MatrizPre2025[Devengado Aprobado],[1]!MatrizPre2025[Cod.Ref CCP Cuenta],'Ejecución mensual'!$A38,[1]!MatrizPre2025[Mes.Hist.Registro],H$7) -> 0 | I38: =SUMIFS([1]!MatrizPre2025[Devengado Aprobado],[1]!MatrizPre2025[Cod.Ref CCP Cuenta],'Ejecución mensual'!$A38,[1]!MatrizPre2025[Mes.Hist.Registro],I$7) -> 0 | J38: =SUMIFS([1]!MatrizPre2025[Devengado Aprobado],[1]!MatrizPre2025[Cod.Ref CCP Cuenta],'Ejecución mensual'!$A38,[1]!MatrizPre2025[Mes.Hist.Registro],J$7) -> 0 | K38: =SUMIFS([1]!MatrizPre2025[Devengado Aprobado],[1]!MatrizPre2025[Cod.Ref CCP Cuenta],'Ejecución mensual'!$A38,[1]!MatrizPre2025[Mes.Hist.Registro],K$7) -> 0 | L38: =SUMIFS([1]!MatrizPre2025[Devengado Aprobado],[1]!MatrizPre2025[Cod.Ref CCP Cuenta],'Ejecución mensual'!$A38,[1]!MatrizPre2025[Mes.Hist.Registro],L$7) -> 400000000 | ... N38: =SUMIFS([1]!MatrizPre2025[Devengado Aprobado],[1]!MatrizPre2025[Cod.Ref CCP Cuenta],'Ejecución mensual'!$A38,[1]!MatrizPre2025[Mes.Hist.Registro],N$7) -> 0 | Q38: =SUM(E38:P38) -> 400000000
A39: =+LEFT(B39,5) -> 2.4.5 | B39: 2.4.5-TRANSFERENCIAS CORRIENTES A INSTITUCIONES PUBLICAS FINANCIERAS | C39: =+SUMIF([1]!MatrizPre2026[Cod.Ref CCP Cuenta],LEFT(B39,5),[1]!MatrizPre2026[Pres. Inicial]) -> 0 | E39: =SUMIFS([1]!MatrizPre2025[Devengado Aprobado],[1]!MatrizPre2025[Cod.Ref CCP Cuenta],'Ejecución mensual'!$A39,[1]!MatrizPre2025[Mes.Hist.Registro],E$7) -> 0 | F39: =SUMIFS([1]!MatrizPre2025[Devengado Aprobado],[1]!MatrizPre2025[Cod.Ref CCP Cuenta],'Ejecución mensual'!$A39,[1]!MatrizPre2025[Mes.Hist.Registro],F$7) -> 0 | G39: =SUMIFS([1]!MatrizPre2025[Devengado Aprobado],[1]!MatrizPre2025[Cod.Ref CCP Cuenta],'Ejecución mensual'!$A39,[1]!MatrizPre2025[Mes.Hist.Registro],G$7) -> 0 | H39: =SUMIFS([1]!MatrizPre2025[Devengado Aprobado],[1]!MatrizPre2025[Cod.Ref CCP Cuenta],'Ejecución mensual'!$A39,[1]!MatrizPre2025[Mes.Hist.Registro],H$7) -> 0 | I39: =SUMIFS([1]!MatrizPre2025[Devengado Aprobado],[1]!MatrizPre2025[Cod.Ref CCP Cuenta],'Ejecución mensual'!$A39,[1]!MatrizPre2025[Mes.Hist.Registro],I$7) -> 0 | J39: =SUMIFS([1]!MatrizPre2025[Devengado Aprobado],[1]!MatrizPre2025[Cod.Ref CCP Cuenta],'Ejecución mensual'!$A39,[1]!MatrizPre2025[Mes.Hist.Registro],J$7) -> 0 | K39: =SUMIFS([1]!MatrizPre2025[Devengado Aprobado],[1]!MatrizPre2025[Cod.Ref CCP Cuenta],'Ejecución mensual'!$A39,[1]!MatrizPre2025[Mes.Hist.Registro],K$7) -> 0 | L39: =SUMIFS([1]!MatrizPre2025[Devengado Aprobado],[1]!MatrizPre2025[Cod.Ref CCP Cuenta],'Ejecución mensual'!$A39,[1]!MatrizPre2025[Mes.Hist.Registro],L$7) -> 0 | ... N39: =SUMIFS([1]!MatrizPre2025[Devengado Aprobado],[1]!MatrizPre2025[Cod.Ref CCP Cuenta],'Ejecución mensual'!$A39,[1]!MatrizPre2025[Mes.Hist.Registro],N$7) -> 0 | Q39: =SUM(E39:P39) -> 0
A40: =+LEFT(B40,5) -> 2.4.7 | B40: 2.4.7-TRANSFERENCIAS CORRIENTES AL SECTOR EXTERNO | C40: =+SUMIF([1]!MatrizPre2026[Cod.Ref CCP Cuenta],LEFT(B40,5),[1]!MatrizPre2026[Pres. Inicial]) -> 38100000 | D40: 54817621 | E40: =SUMIFS([1]!MatrizPre2025[Devengado Aprobado],[1]!MatrizPre2025[Cod.Ref CCP Cuenta],'Ejecución mensual'!$A40,[1]!MatrizPre2025[Mes.Hist.Registro],E$7) -> 0 | F40: =SUMIFS([1]!MatrizPre2025[Devengado Aprobado],[1]!MatrizPre2025[Cod.Ref CCP Cuenta],'Ejecución mensual'!$A40,[1]!MatrizPre2025[Mes.Hist.Registro],F$7) -> 52919118 | G40: =SUMIFS([1]!MatrizPre2025[Devengado Aprobado],[1]!MatrizPre2025[Cod.Ref CCP Cuenta],'Ejecución mensual'!$A40,[1]!MatrizPre2025[Mes.Hist.Registro],G$7) -> 0 | H40: =SUMIFS([1]!MatrizPre2025[Devengado Aprobado],[1]!MatrizPre2025[Cod.Ref CCP Cuenta],'Ejecución mensual'!$A40,[1]!MatrizPre2025[Mes.Hist.Registro],H$7) -> 0 | I40: =SUMIFS([1]!MatrizPre2025[Devengado Aprobado],[1]!MatrizPre2025[Cod.Ref CCP Cuenta],'Ejecución mensual'!$A40,[1]!MatrizPre2025[Mes.Hist.Registro],I$7) -> 1870412.8 | J40: =SUMIFS([1]!MatrizPre2025[Devengado Aprobado],[1]!MatrizPre2025[Cod.Ref CCP Cuenta],'Ejecución mensual'!$A40,[1]!MatrizPre2025[Mes.Hist.Registro],J$7) -> 0 | K40: =SUMIFS([1]!MatrizPre2025[Devengado Aprobado],[1]!MatrizPre2025[Cod.Ref CCP Cuenta],'Ejecución mensual'!$A40,[1]!MatrizPre2025[Mes.Hist.Registro],K$7) -> 0 | L40: =SUMIFS([1]!MatrizPre2025[Devengado Aprobado],[1]!MatrizPre2025[Cod.Ref CCP Cuenta],'Ejecución mensual'!$A40,[1]!MatrizPre2025[Mes.Hist.Registro],L$7) -> 0 | ... N40: =SUMIFS([1]!MatrizPre2025[Devengado Aprobado],[1]!MatrizPre2025[Cod.Ref CCP Cuenta],'Ejecución mensual'!$A40,[1]!MatrizPre2025[Mes.Hist.Registro],N$7) -> 0 | Q40: =SUM(E40:P40) -> 54789530
A41: =+LEFT(B41,5) -> 2.4.9 | B41: 2.4.9-TRANSFERENCIAS CORRIENTES A OTRAS INSTITUCIONES PÚBLICAS | C41: =+SUMIF([1]!MatrizPre2026[Cod.Ref CCP Cuenta],LEFT(B41,5),[1]!MatrizPre2026[Pres. Inicial]) -> 500000000 | D41: 500000000 | E41: =SUMIFS([1]!MatrizPre2025[Devengado Aprobado],[1]!MatrizPre2025[Cod.Ref CCP Cuenta],'Ejecución mensual'!$A41,[1]!MatrizPre2025[Mes.Hist.Registro],E$7) -> 0 | F41: =SUMIFS([1]!MatrizPre2025[Devengado Aprobado],[1]!MatrizPre2025[Cod.Ref CCP Cuenta],'Ejecución mensual'!$A41,[1]!MatrizPre2025[Mes.Hist.Registro],F$7) -> 41666667 | G41: =SUMIFS([1]!MatrizPre2025[Devengado Aprobado],[1]!MatrizPre2025[Cod.Ref CCP Cuenta],'Ejecución mensual'!$A41,[1]!MatrizPre2025[Mes.Hist.Registro],G$7) -> 41666667 | H41: =SUMIFS([1]!MatrizPre2025[Devengado Aprobado],[1]!MatrizPre2025[Cod.Ref CCP Cuenta],'Ejecución mensual'!$A41,[1]!MatrizPre2025[Mes.Hist.Registro],H$7) -> 41666667 | I41: =SUMIFS([1]!MatrizPre2025[Devengado Aprobado],[1]!MatrizPre2025[Cod.Ref CCP Cuenta],'Ejecución mensual'!$A41,[1]!MatrizPre2025[Mes.Hist.Registro],I$7) -> 41666667 | J41: =SUMIFS([1]!MatrizPre2025[Devengado Aprobado],[1]!MatrizPre2025[Cod.Ref CCP Cuenta],'Ejecución mensual'!$A41,[1]!MatrizPre2025[Mes.Hist.Registro],J$7) -> 41666667 | K41: =SUMIFS([1]!MatrizPre2025[Devengado Aprobado],[1]!MatrizPre2025[Cod.Ref CCP Cuenta],'Ejecución mensual'!$A41,[1]!MatrizPre2025[Mes.Hist.Registro],K$7) -> 83333333 | L41: =SUMIFS([1]!MatrizPre2025[Devengado Aprobado],[1]!MatrizPre2025[Cod.Ref CCP Cuenta],'Ejecución mensual'!$A41,[1]!MatrizPre2025[Mes.Hist.Registro],L$7) -> 41666667 | ... N41: =SUMIFS([1]!MatrizPre2025[Devengado Aprobado],[1]!MatrizPre2025[Cod.Ref CCP Cuenta],'Ejecución mensual'!$A41,[1]!MatrizPre2025[Mes.Hist.Registro],N$7) -> 41666667 | Q41: =SUM(E41:P41) -> 4.1666667e+08
B42: 2.5-TRANSFERENCIAS DE CAPITAL | C42: =+SUM(C43:C49) -> 4323000000 | D42: =SUM(D43:D49) -> 5340222343 | E42: =SUM(E43:E49) -> 0 | F42: =SUM(F43:F49) -> 0 | G42: =SUM(G43:G49) -> 0 | H42: =SUM(H43:H49) -> 0 | I42: =SUM(I43:I49) -> 0 | J42: =SUM(J43:J49) -> 140373.68 | K42: =SUM(K43:K49) -> 0 | ... P42: =SUM(P43:P49) -> 0 | Q42: =SUM(E42:P42) -> 1.5052543e+09
A43: =+LEFT(B43,5) -> 2.5.1 | B43: 2.5.1-TRANSFERENCIAS DE CAPITAL AL SECTOR PRIVADO | C43: =+SUMIF([1]!MatrizPre2026[Cod.Ref CCP Cuenta],LEFT(B43,5),[1]!MatrizPre2026[Pres. Inicial]) -> 0 | D43: 0 | E43: =SUMIFS([1]!MatrizPre2025[Devengado Aprobado],[1]!MatrizPre2025[Cod.Ref CCP Cuenta],'Ejecución mensual'!$A43,[1]!MatrizPre2025[Mes.Hist.Registro],E$7) -> 0 | F43: =SUMIFS([1]!MatrizPre2025[Devengado Aprobado],[1]!MatrizPre2025[Cod.Ref CCP Cuenta],'Ejecución mensual'!$A43,[1]!MatrizPre2025[Mes.Hist.Registro],F$7) -> 0 | G43: =SUMIFS([1]!MatrizPre2025[Devengado Aprobado],[1]!MatrizPre2025[Cod.Ref CCP Cuenta],'Ejecución mensual'!$A43,[1]!MatrizPre2025[Mes.Hist.Registro],G$7) -> 0 | H43: =SUMIFS([1]!MatrizPre2025[Devengado Aprobado],[1]!MatrizPre2025[Cod.Ref CCP Cuenta],'Ejecución mensual'!$A43,[1]!MatrizPre2025[Mes.Hist.Registro],H$7) -> 0 | I43: =SUMIFS([1]!MatrizPre2025[Devengado Aprobado],[1]!MatrizPre2025[Cod.Ref CCP Cuenta],'Ejecución mensual'!$A43,[1]!MatrizPre2025[Mes.Hist.Registro],I$7) -> 0 | J43: =SUMIFS([1]!MatrizPre2025[Devengado Aprobado],[1]!MatrizPre2025[Cod.Ref CCP Cuenta],'Ejecución mensual'!$A43,[1]!MatrizPre2025[Mes.Hist.Registro],J$7) -> 0 | K43: =SUMIFS([1]!MatrizPre2025[Devengado Aprobado],[1]!MatrizPre2025[Cod.Ref CCP Cuenta],'Ejecución mensual'!$A43,[1]!MatrizPre2025[Mes.Hist.Registro],K$7) -> 0 | L43: =SUMIFS([1]!MatrizPre2025[Devengado Aprobado],[1]!MatrizPre2025[Cod.Ref CCP Cuenta],'Ejecución mensual'!$A43,[1]!MatrizPre2025[Mes.Hist.Registro],L$7) -> 0 | ... N43: =SUMIFS([1]!MatrizPre2025[Devengado Aprobado],[1]!MatrizPre2025[Cod.Ref CCP Cuenta],'Ejecución mensual'!$A43,[1]!MatrizPre2025[Mes.Hist.Registro],N$7) -> 0 | Q43: =SUM(E43:P43) -> 0
A44: =+LEFT(B44,5) -> 2.5.2 | B44: 2.5.2- TRANSFERENCIAS DE CAPITAL AL GOBIERNO GENERAL NACIONAL | C44: =+SUMIF([1]!MatrizPre2026[Cod.Ref CCP Cuenta],LEFT(B44,5),[1]!MatrizPre2026[Pres. Inicial]) -> 0 | D44: 0 | E44: =SUMIFS([1]!MatrizPre2025[Devengado Aprobado],[1]!MatrizPre2025[Cod.Ref CCP Cuenta],'Ejecución mensual'!$A44,[1]!MatrizPre2025[Mes.Hist.Registro],E$7) -> 0 | F44: =SUMIFS([1]!MatrizPre2025[Devengado Aprobado],[1]!MatrizPre2025[Cod.Ref CCP Cuenta],'Ejecución mensual'!$A44,[1]!MatrizPre2025[Mes.Hist.Registro],F$7) -> 0 | G44: =SUMIFS([1]!MatrizPre2025[Devengado Aprobado],[1]!MatrizPre2025[Cod.Ref CCP Cuenta],'Ejecución mensual'!$A44,[1]!MatrizPre2025[Mes.Hist.Registro],G$7) -> 0 | H44: =SUMIFS([1]!MatrizPre2025[Devengado Aprobado],[1]!MatrizPre2025[Cod.Ref CCP Cuenta],'Ejecución mensual'!$A44,[1]!MatrizPre2025[Mes.Hist.Registro],H$7) -> 0 | I44: =SUMIFS([1]!MatrizPre2025[Devengado Aprobado],[1]!MatrizPre2025[Cod.Ref CCP Cuenta],'Ejecución mensual'!$A44,[1]!MatrizPre2025[Mes.Hist.Registro],I$7) -> 0 | J44: =SUMIFS([1]!MatrizPre2025[Devengado Aprobado],[1]!MatrizPre2025[Cod.Ref CCP Cuenta],'Ejecución mensual'!$A44,[1]!MatrizPre2025[Mes.Hist.Registro],J$7) -> 0 | K44: =SUMIFS([1]!MatrizPre2025[Devengado Aprobado],[1]!MatrizPre2025[Cod.Ref CCP Cuenta],'Ejecución mensual'!$A44,[1]!MatrizPre2025[Mes.Hist.Registro],K$7) -> 0 | L44: =SUMIFS([1]!MatrizPre2025[Devengado Aprobado],[1]!MatrizPre2025[Cod.Ref CCP Cuenta],'Ejecución mensual'!$A44,[1]!MatrizPre2025[Mes.Hist.Registro],L$7) -> 0 | ... N44: =SUMIFS([1]!MatrizPre2025[Devengado Aprobado],[1]!MatrizPre2025[Cod.Ref CCP Cuenta],'Ejecución mensual'!$A44,[1]!MatrizPre2025[Mes.Hist.Registro],N$7) -> 0 | Q44: =SUM(E44:P44) -> 0
A45: =+LEFT(B45,5) -> 2.5.3 | B45: 2.5.3- TRANSFERENCIAS DE CAPITAL AL GOBIERNO GENERALES LOCALES | C45: =+SUMIF([1]!MatrizPre2026[Cod.Ref CCP Cuenta],LEFT(B45,5),[1]!MatrizPre2026[Pres. Inicial]) -> 0 | D45: 0 | E45: =SUMIFS([1]!MatrizPre2025[Devengado Aprobado],[1]!MatrizPre2025[Cod.Ref CCP Cuenta],'Ejecución mensual'!$A45,[1]!MatrizPre2025[Mes.Hist.Registro],E$7) -> 0 | F45: =SUMIFS([1]!MatrizPre2025[Devengado Aprobado],[1]!MatrizPre2025[Cod.Ref CCP Cuenta],'Ejecución mensual'!$A45,[1]!MatrizPre2025[Mes.Hist.Registro],F$7) -> 0 | G45: =SUMIFS([1]!MatrizPre2025[Devengado Aprobado],[1]!MatrizPre2025[Cod.Ref CCP Cuenta],'Ejecución mensual'!$A45,[1]!MatrizPre2025[Mes.Hist.Registro],G$7) -> 0 | H45: =SUMIFS([1]!MatrizPre2025[Devengado Aprobado],[1]!MatrizPre2025[Cod.Ref CCP Cuenta],'Ejecución mensual'!$A45,[1]!MatrizPre2025[Mes.Hist.Registro],H$7) -> 0 | I45: =SUMIFS([1]!MatrizPre2025[Devengado Aprobado],[1]!MatrizPre2025[Cod.Ref CCP Cuenta],'Ejecución mensual'!$A45,[1]!MatrizPre2025[Mes.Hist.Registro],I$7) -> 0 | J45: =SUMIFS([1]!MatrizPre2025[Devengado Aprobado],[1]!MatrizPre2025[Cod.Ref CCP Cuenta],'Ejecución mensual'!$A45,[1]!MatrizPre2025[Mes.Hist.Registro],J$7) -> 0 | K45: =SUMIFS([1]!MatrizPre2025[Devengado Aprobado],[1]!MatrizPre2025[Cod.Ref CCP Cuenta],'Ejecución mensual'!$A45,[1]!MatrizPre2025[Mes.Hist.Registro],K$7) -> 0 | L45: =SUMIFS([1]!MatrizPre2025[Devengado Aprobado],[1]!MatrizPre2025[Cod.Ref CCP Cuenta],'Ejecución mensual'!$A45,[1]!MatrizPre2025[Mes.Hist.Registro],L$7) -> 0 | ... N45: =SUMIFS([1]!MatrizPre2025[Devengado Aprobado],[1]!MatrizPre2025[Cod.Ref CCP Cuenta],'Ejecución mensual'!$A45,[1]!MatrizPre2025[Mes.Hist.Registro],N$7) -> 0 | Q45: =SUM(E45:P45) -> 0
A46: =+LEFT(B46,5) -> 2.5.4 | B46: 2.5.4- TRANSFERENCIAS DE CAPITAL A EMPRESAS PUBLICAS NO FINANCIERAS | C46: =+SUMIF([1]!MatrizPre2026[Cod.Ref CCP Cuenta],LEFT(B46,5),[1]!MatrizPre2026[Pres. Inicial]) -> 4323000000 | D46: 5340222343 | E46: =SUMIFS([1]!MatrizPre2025[Devengado Aprobado],[1]!MatrizPre2025[Cod.Ref CCP Cuenta],'Ejecución mensual'!$A46,[1]!MatrizPre2025[Mes.Hist.Registro],E$7) -> 0 | F46: =SUMIFS([1]!MatrizPre2025[Devengado Aprobado],[1]!MatrizPre2025[Cod.Ref CCP Cuenta],'Ejecución mensual'!$A46,[1]!MatrizPre2025[Mes.Hist.Registro],F$7) -> 0 | G46: =SUMIFS([1]!MatrizPre2025[Devengado Aprobado],[1]!MatrizPre2025[Cod.Ref CCP Cuenta],'Ejecución mensual'!$A46,[1]!MatrizPre2025[Mes.Hist.Registro],G$7) -> 0 | H46: =SUMIFS([1]!MatrizPre2025[Devengado Aprobado],[1]!MatrizPre2025[Cod.Ref CCP Cuenta],'Ejecución mensual'!$A46,[1]!MatrizPre2025[Mes.Hist.Registro],H$7) -> 0 | I46: =SUMIFS([1]!MatrizPre2025[Devengado Aprobado],[1]!MatrizPre2025[Cod.Ref CCP Cuenta],'Ejecución mensual'!$A46,[1]!MatrizPre2025[Mes.Hist.Registro],I$7) -> 0 | J46: =SUMIFS([1]!MatrizPre2025[Devengado Aprobado],[1]!MatrizPre2025[Cod.Ref CCP Cuenta],'Ejecución mensual'!$A46,[1]!MatrizPre2025[Mes.Hist.Registro],J$7) -> 140373.68 | K46: =SUMIFS([1]!MatrizPre2025[Devengado Aprobado],[1]!MatrizPre2025[Cod.Ref CCP Cuenta],'Ejecución mensual'!$A46,[1]!MatrizPre2025[Mes.Hist.Registro],K$7) -> 0 | L46: =SUMIFS([1]!MatrizPre2025[Devengado Aprobado],[1]!MatrizPre2025[Cod.Ref CCP Cuenta],'Ejecución mensual'!$A46,[1]!MatrizPre2025[Mes.Hist.Registro],L$7) -> 9.0511395e+08 | ... N46: =SUMIFS([1]!MatrizPre2025[Devengado Aprobado],[1]!MatrizPre2025[Cod.Ref CCP Cuenta],'Ejecución mensual'!$A46,[1]!MatrizPre2025[Mes.Hist.Registro],N$7) -> 600000000 | Q46: =SUM(E46:P46) -> 1.5052543e+09
A47: =+LEFT(B47,5) -> 2.5.5 | B47: 2.5.5- TRANSFERENCIAS DE CAPITAL A INSTITUCIONES PUBLICAS FINANCIERAS | C47: =+SUMIF([1]!MatrizPre2026[Cod.Ref CCP Cuenta],LEFT(B47,5),[1]!MatrizPre2026[Pres. Inicial]) -> 0 | D47: 0 | E47: =SUMIFS([1]!MatrizPre2025[Devengado Aprobado],[1]!MatrizPre2025[Cod.Ref CCP Cuenta],'Ejecución mensual'!$A47,[1]!MatrizPre2025[Mes.Hist.Registro],E$7) -> 0 | F47: =SUMIFS([1]!MatrizPre2025[Devengado Aprobado],[1]!MatrizPre2025[Cod.Ref CCP Cuenta],'Ejecución mensual'!$A47,[1]!MatrizPre2025[Mes.Hist.Registro],F$7) -> 0 | G47: =SUMIFS([1]!MatrizPre2025[Devengado Aprobado],[1]!MatrizPre2025[Cod.Ref CCP Cuenta],'Ejecución mensual'!$A47,[1]!MatrizPre2025[Mes.Hist.Registro],G$7) -> 0 | H47: =SUMIFS([1]!MatrizPre2025[Devengado Aprobado],[1]!MatrizPre2025[Cod.Ref CCP Cuenta],'Ejecución mensual'!$A47,[1]!MatrizPre2025[Mes.Hist.Registro],H$7) -> 0 | I47: =SUMIFS([1]!MatrizPre2025[Devengado Aprobado],[1]!MatrizPre2025[Cod.Ref CCP Cuenta],'Ejecución mensual'!$A47,[1]!MatrizPre2025[Mes.Hist.Registro],I$7) -> 0 | J47: =SUMIFS([1]!MatrizPre2025[Devengado Aprobado],[1]!MatrizPre2025[Cod.Ref CCP Cuenta],'Ejecución mensual'!$A47,[1]!MatrizPre2025[Mes.Hist.Registro],J$7) -> 0 | K47: =SUMIFS([1]!MatrizPre2025[Devengado Aprobado],[1]!MatrizPre2025[Cod.Ref CCP Cuenta],'Ejecución mensual'!$A47,[1]!MatrizPre2025[Mes.Hist.Registro],K$7) -> 0 | L47: =SUMIFS([1]!MatrizPre2025[Devengado Aprobado],[1]!MatrizPre2025[Cod.Ref CCP Cuenta],'Ejecución mensual'!$A47,[1]!MatrizPre2025[Mes.Hist.Registro],L$7) -> 0 | ... N47: =SUMIFS([1]!MatrizPre2025[Devengado Aprobado],[1]!MatrizPre2025[Cod.Ref CCP Cuenta],'Ejecución mensual'!$A47,[1]!MatrizPre2025[Mes.Hist.Registro],N$7) -> 0 | Q47: =SUM(E47:P47) -> 0
A48: =+LEFT(B48,5) -> 2.5.6 | B48: 2.5.6- TRANSFERENCIAS DE CAPITAL AL SECTOR EXTERNO | C48: =+SUMIF([1]!MatrizPre2026[Cod.Ref CCP Cuenta],LEFT(B48,5),[1]!MatrizPre2026[Pres. Inicial]) -> 0 | D48: 0 | E48: =SUMIFS([1]!MatrizPre2025[Devengado Aprobado],[1]!MatrizPre2025[Cod.Ref CCP Cuenta],'Ejecución mensual'!$A48,[1]!MatrizPre2025[Mes.Hist.Registro],E$7) -> 0 | F48: =SUMIFS([1]!MatrizPre2025[Devengado Aprobado],[1]!MatrizPre2025[Cod.Ref CCP Cuenta],'Ejecución mensual'!$A48,[1]!MatrizPre2025[Mes.Hist.Registro],F$7) -> 0 | G48: =SUMIFS([1]!MatrizPre2025[Devengado Aprobado],[1]!MatrizPre2025[Cod.Ref CCP Cuenta],'Ejecución mensual'!$A48,[1]!MatrizPre2025[Mes.Hist.Registro],G$7) -> 0 | H48: =SUMIFS([1]!MatrizPre2025[Devengado Aprobado],[1]!MatrizPre2025[Cod.Ref CCP Cuenta],'Ejecución mensual'!$A48,[1]!MatrizPre2025[Mes.Hist.Registro],H$7) -> 0 | I48: =SUMIFS([1]!MatrizPre2025[Devengado Aprobado],[1]!MatrizPre2025[Cod.Ref CCP Cuenta],'Ejecución mensual'!$A48,[1]!MatrizPre2025[Mes.Hist.Registro],I$7) -> 0 | J48: =SUMIFS([1]!MatrizPre2025[Devengado Aprobado],[1]!MatrizPre2025[Cod.Ref CCP Cuenta],'Ejecución mensual'!$A48,[1]!MatrizPre2025[Mes.Hist.Registro],J$7) -> 0 | K48: =SUMIFS([1]!MatrizPre2025[Devengado Aprobado],[1]!MatrizPre2025[Cod.Ref CCP Cuenta],'Ejecución mensual'!$A48,[1]!MatrizPre2025[Mes.Hist.Registro],K$7) -> 0 | L48: =SUMIFS([1]!MatrizPre2025[Devengado Aprobado],[1]!MatrizPre2025[Cod.Ref CCP Cuenta],'Ejecución mensual'!$A48,[1]!MatrizPre2025[Mes.Hist.Registro],L$7) -> 0 | ... N48: =SUMIFS([1]!MatrizPre2025[Devengado Aprobado],[1]!MatrizPre2025[Cod.Ref CCP Cuenta],'Ejecución mensual'!$A48,[1]!MatrizPre2025[Mes.Hist.Registro],N$7) -> 0 | Q48: =SUM(E48:P48) -> 0
A49: =+LEFT(B49,5) -> 2.5.9 | B49: 2.5.9- TRANSFERENCIAS DE CAPITAL A OTRAS INSTITUCIONES PUBLICAS | C49: =+SUMIF([1]!MatrizPre2026[Cod.Ref CCP Cuenta],LEFT(B49,5),[1]!MatrizPre2026[Pres. Inicial]) -> 0 | D49: 0 | E49: =SUMIFS([1]!MatrizPre2025[Devengado Aprobado],[1]!MatrizPre2025[Cod.Ref CCP Cuenta],'Ejecución mensual'!$A49,[1]!MatrizPre2025[Mes.Hist.Registro],E$7) -> 0 | F49: =SUMIFS([1]!MatrizPre2025[Devengado Aprobado],[1]!MatrizPre2025[Cod.Ref CCP Cuenta],'Ejecución mensual'!$A49,[1]!MatrizPre2025[Mes.Hist.Registro],F$7) -> 0 | G49: =SUMIFS([1]!MatrizPre2025[Devengado Aprobado],[1]!MatrizPre2025[Cod.Ref CCP Cuenta],'Ejecución mensual'!$A49,[1]!MatrizPre2025[Mes.Hist.Registro],G$7) -> 0 | H49: =SUMIFS([1]!MatrizPre2025[Devengado Aprobado],[1]!MatrizPre2025[Cod.Ref CCP Cuenta],'Ejecución mensual'!$A49,[1]!MatrizPre2025[Mes.Hist.Registro],H$7) -> 0 | I49: =SUMIFS([1]!MatrizPre2025[Devengado Aprobado],[1]!MatrizPre2025[Cod.Ref CCP Cuenta],'Ejecución mensual'!$A49,[1]!MatrizPre2025[Mes.Hist.Registro],I$7) -> 0 | J49: =SUMIFS([1]!MatrizPre2025[Devengado Aprobado],[1]!MatrizPre2025[Cod.Ref CCP Cuenta],'Ejecución mensual'!$A49,[1]!MatrizPre2025[Mes.Hist.Registro],J$7) -> 0 | K49: =SUMIFS([1]!MatrizPre2025[Devengado Aprobado],[1]!MatrizPre2025[Cod.Ref CCP Cuenta],'Ejecución mensual'!$A49,[1]!MatrizPre2025[Mes.Hist.Registro],K$7) -> 0 | L49: =SUMIFS([1]!MatrizPre2025[Devengado Aprobado],[1]!MatrizPre2025[Cod.Ref CCP Cuenta],'Ejecución mensual'!$A49,[1]!MatrizPre2025[Mes.Hist.Registro],L$7) -> 0 | ... N49: =SUMIFS([1]!MatrizPre2025[Devengado Aprobado],[1]!MatrizPre2025[Cod.Ref CCP Cuenta],'Ejecución mensual'!$A49,[1]!MatrizPre2025[Mes.Hist.Registro],N$7) -> 0 | Q49: =SUM(E49:P49) -> 0
B50: 2.6-BIENES MUEBLES, INMUEBLES E INTANGIBLES | C50: =SUM(C51:C59) -> 547642239 | D50: =SUM(D51:D59) -> 1.588751e+08 | E50: =SUM(E51:E59) -> 3515699.9 | F50: =SUM(F51:F59) -> 5038113.3 | G50: =SUM(G51:G59) -> 30529438 | H50: =SUM(H51:H59) -> 3114130.9 | I50: =SUM(I51:I59) -> 4079917.5 | J50: =SUM(J51:J59) -> 6048739.4 | ... P50: =SUM(P51:P59) -> 0 | Q50: =SUM(E50:P50) -> 64476915
A51: =+LEFT(B51,5) -> 2.6.1 | B51: 2.6.1-MOBILIARIO Y EQUIPO | C51: =+SUMIF([1]!MatrizPre2026[Cod.Ref CCP Cuenta],LEFT(B51,5),[1]!MatrizPre2026[Pres. Inicial]) -> 76773348 | D51: 66269797 | E51: =SUMIFS([1]!MatrizPre2025[Devengado Aprobado],[1]!MatrizPre2025[Cod.Ref CCP Cuenta],'Ejecución mensual'!$A51,[1]!MatrizPre2025[Mes.Hist.Registro],E$7) -> 490999.85 | F51: =SUMIFS([1]!MatrizPre2025[Devengado Aprobado],[1]!MatrizPre2025[Cod.Ref CCP Cuenta],'Ejecución mensual'!$A51,[1]!MatrizPre2025[Mes.Hist.Registro],F$7) -> 5038113.3 | G51: =SUMIFS([1]!MatrizPre2025[Devengado Aprobado],[1]!MatrizPre2025[Cod.Ref CCP Cuenta],'Ejecución mensual'!$A51,[1]!MatrizPre2025[Mes.Hist.Registro],G$7) -> 26307134 | H51: =SUMIFS([1]!MatrizPre2025[Devengado Aprobado],[1]!MatrizPre2025[Cod.Ref CCP Cuenta],'Ejecución mensual'!$A51,[1]!MatrizPre2025[Mes.Hist.Registro],H$7) -> 163554.75 | I51: =SUMIFS([1]!MatrizPre2025[Devengado Aprobado],[1]!MatrizPre2025[Cod.Ref CCP Cuenta],'Ejecución mensual'!$A51,[1]!MatrizPre2025[Mes.Hist.Registro],I$7) -> 302752.79 | J51: =SUMIFS([1]!MatrizPre2025[Devengado Aprobado],[1]!MatrizPre2025[Cod.Ref CCP Cuenta],'Ejecución mensual'!$A51,[1]!MatrizPre2025[Mes.Hist.Registro],J$7) -> 2187188.2 | K51: =SUMIFS([1]!MatrizPre2025[Devengado Aprobado],[1]!MatrizPre2025[Cod.Ref CCP Cuenta],'Ejecución mensual'!$A51,[1]!MatrizPre2025[Mes.Hist.Registro],K$7) -> 1592980.3 | L51: =SUMIFS([1]!MatrizPre2025[Devengado Aprobado],[1]!MatrizPre2025[Cod.Ref CCP Cuenta],'Ejecución mensual'!$A51,[1]!MatrizPre2025[Mes.Hist.Registro],L$7) -> 1036658.2 | ... N51: =SUMIFS([1]!MatrizPre2025[Devengado Aprobado],[1]!MatrizPre2025[Cod.Ref CCP Cuenta],'Ejecución mensual'!$A51,[1]!MatrizPre2025[Mes.Hist.Registro],N$7) -> 206381.49 | Q51: =SUM(E51:P51) -> 40617700
A52: =+LEFT(B52,5) -> 2.6.2 | B52: 2.6.2-MOBILIARIO Y EQUIPO AUDIOVISUAL, RECREATIVO Y EDUCACIONAL | C52: =+SUMIF([1]!MatrizPre2026[Cod.Ref CCP Cuenta],LEFT(B52,5),[1]!MatrizPre2026[Pres. Inicial]) -> 0 | D52: 2232884.1 | E52: =SUMIFS([1]!MatrizPre2025[Devengado Aprobado],[1]!MatrizPre2025[Cod.Ref CCP Cuenta],'Ejecución mensual'!$A52,[1]!MatrizPre2025[Mes.Hist.Registro],E$7) -> 0 | F52: =SUMIFS([1]!MatrizPre2025[Devengado Aprobado],[1]!MatrizPre2025[Cod.Ref CCP Cuenta],'Ejecución mensual'!$A52,[1]!MatrizPre2025[Mes.Hist.Registro],F$7) -> 0 | G52: =SUMIFS([1]!MatrizPre2025[Devengado Aprobado],[1]!MatrizPre2025[Cod.Ref CCP Cuenta],'Ejecución mensual'!$A52,[1]!MatrizPre2025[Mes.Hist.Registro],G$7) -> 0 | H52: =SUMIFS([1]!MatrizPre2025[Devengado Aprobado],[1]!MatrizPre2025[Cod.Ref CCP Cuenta],'Ejecución mensual'!$A52,[1]!MatrizPre2025[Mes.Hist.Registro],H$7) -> 0 | I52: =SUMIFS([1]!MatrizPre2025[Devengado Aprobado],[1]!MatrizPre2025[Cod.Ref CCP Cuenta],'Ejecución mensual'!$A52,[1]!MatrizPre2025[Mes.Hist.Registro],I$7) -> 268922.14 | J52: =SUMIFS([1]!MatrizPre2025[Devengado Aprobado],[1]!MatrizPre2025[Cod.Ref CCP Cuenta],'Ejecución mensual'!$A52,[1]!MatrizPre2025[Mes.Hist.Registro],J$7) -> 0 | K52: =SUMIFS([1]!MatrizPre2025[Devengado Aprobado],[1]!MatrizPre2025[Cod.Ref CCP Cuenta],'Ejecución mensual'!$A52,[1]!MatrizPre2025[Mes.Hist.Registro],K$7) -> 1912775.9 | L52: =SUMIFS([1]!MatrizPre2025[Devengado Aprobado],[1]!MatrizPre2025[Cod.Ref CCP Cuenta],'Ejecución mensual'!$A52,[1]!MatrizPre2025[Mes.Hist.Registro],L$7) -> 0 | ... N52: =SUMIFS([1]!MatrizPre2025[Devengado Aprobado],[1]!MatrizPre2025[Cod.Ref CCP Cuenta],'Ejecución mensual'!$A52,[1]!MatrizPre2025[Mes.Hist.Registro],N$7) -> 0 | Q52: =SUM(E52:P52) -> 2181698.1
A53: =+LEFT(B53,5) -> 2.6.3 | B53: 2.6.3-EQUIPO E INSTRUMENTAL, CIENTÍFICO Y LABORATORIO | C53: =+SUMIF([1]!MatrizPre2026[Cod.Ref CCP Cuenta],LEFT(B53,5),[1]!MatrizPre2026[Pres. Inicial]) -> 10951356 | D53: 21998896 | E53: =SUMIFS([1]!MatrizPre2025[Devengado Aprobado],[1]!MatrizPre2025[Cod.Ref CCP Cuenta],'Ejecución mensual'!$A53,[1]!MatrizPre2025[Mes.Hist.Registro],E$7) -> 0 | F53: =SUMIFS([1]!MatrizPre2025[Devengado Aprobado],[1]!MatrizPre2025[Cod.Ref CCP Cuenta],'Ejecución mensual'!$A53,[1]!MatrizPre2025[Mes.Hist.Registro],F$7) -> 0 | G53: =SUMIFS([1]!MatrizPre2025[Devengado Aprobado],[1]!MatrizPre2025[Cod.Ref CCP Cuenta],'Ejecución mensual'!$A53,[1]!MatrizPre2025[Mes.Hist.Registro],G$7) -> 1440114.5 | H53: =SUMIFS([1]!MatrizPre2025[Devengado Aprobado],[1]!MatrizPre2025[Cod.Ref CCP Cuenta],'Ejecución mensual'!$A53,[1]!MatrizPre2025[Mes.Hist.Registro],H$7) -> 2848976.2 | I53: =SUMIFS([1]!MatrizPre2025[Devengado Aprobado],[1]!MatrizPre2025[Cod.Ref CCP Cuenta],'Ejecución mensual'!$A53,[1]!MatrizPre2025[Mes.Hist.Registro],I$7) -> 0 | J53: =SUMIFS([1]!MatrizPre2025[Devengado Aprobado],[1]!MatrizPre2025[Cod.Ref CCP Cuenta],'Ejecución mensual'!$A53,[1]!MatrizPre2025[Mes.Hist.Registro],J$7) -> 669863.58 | K53: =SUMIFS([1]!MatrizPre2025[Devengado Aprobado],[1]!MatrizPre2025[Cod.Ref CCP Cuenta],'Ejecución mensual'!$A53,[1]!MatrizPre2025[Mes.Hist.Registro],K$7) -> 0 | L53: =SUMIFS([1]!MatrizPre2025[Devengado Aprobado],[1]!MatrizPre2025[Cod.Ref CCP Cuenta],'Ejecución mensual'!$A53,[1]!MatrizPre2025[Mes.Hist.Registro],L$7) -> 180234.6 | ... N53: =SUMIFS([1]!MatrizPre2025[Devengado Aprobado],[1]!MatrizPre2025[Cod.Ref CCP Cuenta],'Ejecución mensual'!$A53,[1]!MatrizPre2025[Mes.Hist.Registro],N$7) -> 0 | Q53: =SUM(E53:P53) -> 5155506
A54: =+LEFT(B54,5) -> 2.6.4 | B54: 2.6.4-VEHÍCULOS Y EQUIPO DE TRANSPORTE, TRACCIÓN Y ELEVACIÓN | C54: =+SUMIF([1]!MatrizPre2026[Cod.Ref CCP Cuenta],LEFT(B54,5),[1]!MatrizPre2026[Pres. Inicial]) -> 33452357 | D54: 29087668 | E54: =SUMIFS([1]!MatrizPre2025[Devengado Aprobado],[1]!MatrizPre2025[Cod.Ref CCP Cuenta],'Ejecución mensual'!$A54,[1]!MatrizPre2025[Mes.Hist.Registro],E$7) -> 0 | F54: =SUMIFS([1]!MatrizPre2025[Devengado Aprobado],[1]!MatrizPre2025[Cod.Ref CCP Cuenta],'Ejecución mensual'!$A54,[1]!MatrizPre2025[Mes.Hist.Registro],F$7) -> 0 | G54: =SUMIFS([1]!MatrizPre2025[Devengado Aprobado],[1]!MatrizPre2025[Cod.Ref CCP Cuenta],'Ejecución mensual'!$A54,[1]!MatrizPre2025[Mes.Hist.Registro],G$7) -> 0 | H54: =SUMIFS([1]!MatrizPre2025[Devengado Aprobado],[1]!MatrizPre2025[Cod.Ref CCP Cuenta],'Ejecución mensual'!$A54,[1]!MatrizPre2025[Mes.Hist.Registro],H$7) -> 0 | I54: =SUMIFS([1]!MatrizPre2025[Devengado Aprobado],[1]!MatrizPre2025[Cod.Ref CCP Cuenta],'Ejecución mensual'!$A54,[1]!MatrizPre2025[Mes.Hist.Registro],I$7) -> 0 | J54: =SUMIFS([1]!MatrizPre2025[Devengado Aprobado],[1]!MatrizPre2025[Cod.Ref CCP Cuenta],'Ejecución mensual'!$A54,[1]!MatrizPre2025[Mes.Hist.Registro],J$7) -> 0 | K54: =SUMIFS([1]!MatrizPre2025[Devengado Aprobado],[1]!MatrizPre2025[Cod.Ref CCP Cuenta],'Ejecución mensual'!$A54,[1]!MatrizPre2025[Mes.Hist.Registro],K$7) -> 0 | L54: =SUMIFS([1]!MatrizPre2025[Devengado Aprobado],[1]!MatrizPre2025[Cod.Ref CCP Cuenta],'Ejecución mensual'!$A54,[1]!MatrizPre2025[Mes.Hist.Registro],L$7) -> 0 | ... N54: =SUMIFS([1]!MatrizPre2025[Devengado Aprobado],[1]!MatrizPre2025[Cod.Ref CCP Cuenta],'Ejecución mensual'!$A54,[1]!MatrizPre2025[Mes.Hist.Registro],N$7) -> 0 | Q54: =SUM(E54:P54) -> 0
A55: =+LEFT(B55,5) -> 2.6.5 | B55: 2.6.5-MAQUINARIA, OTROS EQUIPOS Y HERRAMIENTAS | C55: =+SUMIF([1]!MatrizPre2026[Cod.Ref CCP Cuenta],LEFT(B55,5),[1]!MatrizPre2026[Pres. Inicial]) -> 426465178 | D55: 27976479 | E55: =SUMIFS([1]!MatrizPre2025[Devengado Aprobado],[1]!MatrizPre2025[Cod.Ref CCP Cuenta],'Ejecución mensual'!$A55,[1]!MatrizPre2025[Mes.Hist.Registro],E$7) -> 1964700 | F55: =SUMIFS([1]!MatrizPre2025[Devengado Aprobado],[1]!MatrizPre2025[Cod.Ref CCP Cuenta],'Ejecución mensual'!$A55,[1]!MatrizPre2025[Mes.Hist.Registro],F$7) -> 0 | G55: =SUMIFS([1]!MatrizPre2025[Devengado Aprobado],[1]!MatrizPre2025[Cod.Ref CCP Cuenta],'Ejecución mensual'!$A55,[1]!MatrizPre2025[Mes.Hist.Registro],G$7) -> 2782189.5 | H55: =SUMIFS([1]!MatrizPre2025[Devengado Aprobado],[1]!MatrizPre2025[Cod.Ref CCP Cuenta],'Ejecución mensual'!$A55,[1]!MatrizPre2025[Mes.Hist.Registro],H$7) -> 101599.98 | I55: =SUMIFS([1]!MatrizPre2025[Devengado Aprobado],[1]!MatrizPre2025[Cod.Ref CCP Cuenta],'Ejecución mensual'!$A55,[1]!MatrizPre2025[Mes.Hist.Registro],I$7) -> 3508242.6 | J55: =SUMIFS([1]!MatrizPre2025[Devengado Aprobado],[1]!MatrizPre2025[Cod.Ref CCP Cuenta],'Ejecución mensual'!$A55,[1]!MatrizPre2025[Mes.Hist.Registro],J$7) -> 3191687.6 | K55: =SUMIFS([1]!MatrizPre2025[Devengado Aprobado],[1]!MatrizPre2025[Cod.Ref CCP Cuenta],'Ejecución mensual'!$A55,[1]!MatrizPre2025[Mes.Hist.Registro],K$7) -> 1129812.7 | L55: =SUMIFS([1]!MatrizPre2025[Devengado Aprobado],[1]!MatrizPre2025[Cod.Ref CCP Cuenta],'Ejecución mensual'!$A55,[1]!MatrizPre2025[Mes.Hist.Registro],L$7) -> 212340.96 | ... N55: =SUMIFS([1]!MatrizPre2025[Devengado Aprobado],[1]!MatrizPre2025[Cod.Ref CCP Cuenta],'Ejecución mensual'!$A55,[1]!MatrizPre2025[Mes.Hist.Registro],N$7) -> 1019338.5 | Q55: =SUM(E55:P55) -> 14222804
A56: =+LEFT(B56,5) -> 2.6.6 | B56: 2.6.6-EQUIPOS DE DEFENSA Y SEGURIDAD | C56: =+SUMIF([1]!MatrizPre2026[Cod.Ref CCP Cuenta],LEFT(B56,5),[1]!MatrizPre2026[Pres. Inicial]) -> 0 | D56: 1703777.6 | E56: =SUMIFS([1]!MatrizPre2025[Devengado Aprobado],[1]!MatrizPre2025[Cod.Ref CCP Cuenta],'Ejecución mensual'!$A56,[1]!MatrizPre2025[Mes.Hist.Registro],E$7) -> 0 | F56: =SUMIFS([1]!MatrizPre2025[Devengado Aprobado],[1]!MatrizPre2025[Cod.Ref CCP Cuenta],'Ejecución mensual'!$A56,[1]!MatrizPre2025[Mes.Hist.Registro],F$7) -> 0 | G56: =SUMIFS([1]!MatrizPre2025[Devengado Aprobado],[1]!MatrizPre2025[Cod.Ref CCP Cuenta],'Ejecución mensual'!$A56,[1]!MatrizPre2025[Mes.Hist.Registro],G$7) -> 0 | H56: =SUMIFS([1]!MatrizPre2025[Devengado Aprobado],[1]!MatrizPre2025[Cod.Ref CCP Cuenta],'Ejecución mensual'!$A56,[1]!MatrizPre2025[Mes.Hist.Registro],H$7) -> 0 | I56: =SUMIFS([1]!MatrizPre2025[Devengado Aprobado],[1]!MatrizPre2025[Cod.Ref CCP Cuenta],'Ejecución mensual'!$A56,[1]!MatrizPre2025[Mes.Hist.Registro],I$7) -> 0 | J56: =SUMIFS([1]!MatrizPre2025[Devengado Aprobado],[1]!MatrizPre2025[Cod.Ref CCP Cuenta],'Ejecución mensual'!$A56,[1]!MatrizPre2025[Mes.Hist.Registro],J$7) -> 0 | K56: =SUMIFS([1]!MatrizPre2025[Devengado Aprobado],[1]!MatrizPre2025[Cod.Ref CCP Cuenta],'Ejecución mensual'!$A56,[1]!MatrizPre2025[Mes.Hist.Registro],K$7) -> 0 | L56: =SUMIFS([1]!MatrizPre2025[Devengado Aprobado],[1]!MatrizPre2025[Cod.Ref CCP Cuenta],'Ejecución mensual'!$A56,[1]!MatrizPre2025[Mes.Hist.Registro],L$7) -> 89208 | ... N56: =SUMIFS([1]!MatrizPre2025[Devengado Aprobado],[1]!MatrizPre2025[Cod.Ref CCP Cuenta],'Ejecución mensual'!$A56,[1]!MatrizPre2025[Mes.Hist.Registro],N$7) -> 0 | Q56: =SUM(E56:P56) -> 89208
B57: 2.6.7-ACTIVOS BIOLÓGICOS
A58: =+LEFT(B58,5) -> 2.6.8 | B58: 2.6.8-BIENES INTANGIBLES | C58: =+SUMIF([1]!MatrizPre2026[Cod.Ref CCP Cuenta],LEFT(B58,5),[1]!MatrizPre2026[Pres. Inicial]) -> 0 | D58: 4495600 | E58: =SUMIFS([1]!MatrizPre2025[Devengado Aprobado],[1]!MatrizPre2025[Cod.Ref CCP Cuenta],'Ejecución mensual'!$A58,[1]!MatrizPre2025[Mes.Hist.Registro],E$7) -> 0 | F58: =SUMIFS([1]!MatrizPre2025[Devengado Aprobado],[1]!MatrizPre2025[Cod.Ref CCP Cuenta],'Ejecución mensual'!$A58,[1]!MatrizPre2025[Mes.Hist.Registro],F$7) -> 0 | G58: =SUMIFS([1]!MatrizPre2025[Devengado Aprobado],[1]!MatrizPre2025[Cod.Ref CCP Cuenta],'Ejecución mensual'!$A58,[1]!MatrizPre2025[Mes.Hist.Registro],G$7) -> 0 | H58: =SUMIFS([1]!MatrizPre2025[Devengado Aprobado],[1]!MatrizPre2025[Cod.Ref CCP Cuenta],'Ejecución mensual'!$A58,[1]!MatrizPre2025[Mes.Hist.Registro],H$7) -> 0 | I58: =SUMIFS([1]!MatrizPre2025[Devengado Aprobado],[1]!MatrizPre2025[Cod.Ref CCP Cuenta],'Ejecución mensual'!$A58,[1]!MatrizPre2025[Mes.Hist.Registro],I$7) -> 0 | J58: =SUMIFS([1]!MatrizPre2025[Devengado Aprobado],[1]!MatrizPre2025[Cod.Ref CCP Cuenta],'Ejecución mensual'!$A58,[1]!MatrizPre2025[Mes.Hist.Registro],J$7) -> 0 | K58: =SUMIFS([1]!MatrizPre2025[Devengado Aprobado],[1]!MatrizPre2025[Cod.Ref CCP Cuenta],'Ejecución mensual'!$A58,[1]!MatrizPre2025[Mes.Hist.Registro],K$7) -> 0 | L58: =SUMIFS([1]!MatrizPre2025[Devengado Aprobado],[1]!MatrizPre2025[Cod.Ref CCP Cuenta],'Ejecución mensual'!$A58,[1]!MatrizPre2025[Mes.Hist.Registro],L$7) -> 0 | ... N58: =SUMIFS([1]!MatrizPre2025[Devengado Aprobado],[1]!MatrizPre2025[Cod.Ref CCP Cuenta],'Ejecución mensual'!$A58,[1]!MatrizPre2025[Mes.Hist.Registro],N$7) -> 0 | Q58: =SUM(E58:P58) -> 0
A59: =+LEFT(B59,5) -> 2.6.9 | B59: 2.6.9-EDIFICIOS, ESTRUCTURAS, TIERRAS, TERRENOS Y OBJETOS DE VALOR | C59: =+SUMIF([1]!MatrizPre2026[Cod.Ref CCP Cuenta],LEFT(B59,5),[1]!MatrizPre2026[Pres. Inicial]) -> 0 | D59: 5110000.7 | E59: =SUMIFS([1]!MatrizPre2025[Devengado Aprobado],[1]!MatrizPre2025[Cod.Ref CCP Cuenta],'Ejecución mensual'!$A59,[1]!MatrizPre2025[Mes.Hist.Registro],E$7) -> 1060000 | F59: =SUMIFS([1]!MatrizPre2025[Devengado Aprobado],[1]!MatrizPre2025[Cod.Ref CCP Cuenta],'Ejecución mensual'!$A59,[1]!MatrizPre2025[Mes.Hist.Registro],F$7) -> 0 | G59: =SUMIFS([1]!MatrizPre2025[Devengado Aprobado],[1]!MatrizPre2025[Cod.Ref CCP Cuenta],'Ejecución mensual'!$A59,[1]!MatrizPre2025[Mes.Hist.Registro],G$7) -> 0 | H59: =SUMIFS([1]!MatrizPre2025[Devengado Aprobado],[1]!MatrizPre2025[Cod.Ref CCP Cuenta],'Ejecución mensual'!$A59,[1]!MatrizPre2025[Mes.Hist.Registro],H$7) -> 0 | I59: =SUMIFS([1]!MatrizPre2025[Devengado Aprobado],[1]!MatrizPre2025[Cod.Ref CCP Cuenta],'Ejecución mensual'!$A59,[1]!MatrizPre2025[Mes.Hist.Registro],I$7) -> 0 | J59: =SUMIFS([1]!MatrizPre2025[Devengado Aprobado],[1]!MatrizPre2025[Cod.Ref CCP Cuenta],'Ejecución mensual'!$A59,[1]!MatrizPre2025[Mes.Hist.Registro],J$7) -> 0 | K59: =SUMIFS([1]!MatrizPre2025[Devengado Aprobado],[1]!MatrizPre2025[Cod.Ref CCP Cuenta],'Ejecución mensual'!$A59,[1]!MatrizPre2025[Mes.Hist.Registro],K$7) -> 1150000 | L59: =SUMIFS([1]!MatrizPre2025[Devengado Aprobado],[1]!MatrizPre2025[Cod.Ref CCP Cuenta],'Ejecución mensual'!$A59,[1]!MatrizPre2025[Mes.Hist.Registro],L$7) -> 0 | ... N59: =SUMIFS([1]!MatrizPre2025[Devengado Aprobado],[1]!MatrizPre2025[Cod.Ref CCP Cuenta],'Ejecución mensual'!$A59,[1]!MatrizPre2025[Mes.Hist.Registro],N$7) -> 0 | Q59: =SUM(E59:P59) -> 2210000
B60: 2.7-OBRAS | C60: =SUM(C61:C62) -> 2640887802 | D60: =SUM(D61:D62) -> 1.1695233e+09 | E60: =SUM(E61:E62) -> 0 | F60: =SUM(F61:F62) -> 2788648.6 | G60: =SUM(G61:G62) -> 59932588 | H60: =SUM(H61:H62) -> 5828025.3 | I60: =SUM(I61:I62) -> 7121773.9 | J60: =SUM(J61:J62) -> 17701744 | ... P60: =SUM(P61:P62) -> 0 | Q60: =SUM(E60:P60) -> 1.7476101e+08
A61: =+LEFT(B61,5) -> 2.7.1 | B61: 2.7.1-OBRAS EN EDIFICACIONES | C61: =+SUMIF([1]!MatrizPre2026[Cod.Ref CCP Cuenta],LEFT(B61,5),[1]!MatrizPre2026[Pres. Inicial]) -> 162681005 | D61: 94714324 | E61: =SUMIFS([1]!MatrizPre2025[Devengado Aprobado],[1]!MatrizPre2025[Cod.Ref CCP Cuenta],'Ejecución mensual'!$A61,[1]!MatrizPre2025[Mes.Hist.Registro],E$7) -> 0 | F61: =SUMIFS([1]!MatrizPre2025[Devengado Aprobado],[1]!MatrizPre2025[Cod.Ref CCP Cuenta],'Ejecución mensual'!$A61,[1]!MatrizPre2025[Mes.Hist.Registro],F$7) -> 0 | G61: =SUMIFS([1]!MatrizPre2025[Devengado Aprobado],[1]!MatrizPre2025[Cod.Ref CCP Cuenta],'Ejecución mensual'!$A61,[1]!MatrizPre2025[Mes.Hist.Registro],G$7) -> 28077187 | H61: =SUMIFS([1]!MatrizPre2025[Devengado Aprobado],[1]!MatrizPre2025[Cod.Ref CCP Cuenta],'Ejecución mensual'!$A61,[1]!MatrizPre2025[Mes.Hist.Registro],H$7) -> 0 | I61: =SUMIFS([1]!MatrizPre2025[Devengado Aprobado],[1]!MatrizPre2025[Cod.Ref CCP Cuenta],'Ejecución mensual'!$A61,[1]!MatrizPre2025[Mes.Hist.Registro],I$7) -> 6971032 | J61: =SUMIFS([1]!MatrizPre2025[Devengado Aprobado],[1]!MatrizPre2025[Cod.Ref CCP Cuenta],'Ejecución mensual'!$A61,[1]!MatrizPre2025[Mes.Hist.Registro],J$7) -> -6971032 | K61: =SUMIFS([1]!MatrizPre2025[Devengado Aprobado],[1]!MatrizPre2025[Cod.Ref CCP Cuenta],'Ejecución mensual'!$A61,[1]!MatrizPre2025[Mes.Hist.Registro],K$7) -> 16830869 | L61: =SUMIFS([1]!MatrizPre2025[Devengado Aprobado],[1]!MatrizPre2025[Cod.Ref CCP Cuenta],'Ejecución mensual'!$A61,[1]!MatrizPre2025[Mes.Hist.Registro],L$7) -> -0.01 | ... P61: =SUMIFS([1]!MatrizPre2025[Devengado Aprobado],[1]!MatrizPre2025[Cod.Ref CCP Cuenta],'Ejecución mensual'!$A61,[1]!MatrizPre2025[Mes.Hist.Registro],P$7) -> 0 | Q61: =SUM(E61:P61) -> 72632239
A62: =+LEFT(B62,5) -> 2.7.2 | B62: 2.7.2-INFRAESTRUCTURA | C62: =+SUMIF([1]!MatrizPre2026[Cod.Ref CCP Cuenta],LEFT(B62,5),[1]!MatrizPre2026[Pres. Inicial]) -> 2478206797 | D62: 1.074809e+09 | E62: =SUMIFS([1]!MatrizPre2025[Devengado Aprobado],[1]!MatrizPre2025[Cod.Ref CCP Cuenta],'Ejecución mensual'!$A62,[1]!MatrizPre2025[Mes.Hist.Registro],E$7) -> 0 | F62: =SUMIFS([1]!MatrizPre2025[Devengado Aprobado],[1]!MatrizPre2025[Cod.Ref CCP Cuenta],'Ejecución mensual'!$A62,[1]!MatrizPre2025[Mes.Hist.Registro],F$7) -> 2788648.6 | G62: =SUMIFS([1]!MatrizPre2025[Devengado Aprobado],[1]!MatrizPre2025[Cod.Ref CCP Cuenta],'Ejecución mensual'!$A62,[1]!MatrizPre2025[Mes.Hist.Registro],G$7) -> 31855401 | H62: =SUMIFS([1]!MatrizPre2025[Devengado Aprobado],[1]!MatrizPre2025[Cod.Ref CCP Cuenta],'Ejecución mensual'!$A62,[1]!MatrizPre2025[Mes.Hist.Registro],H$7) -> 5828025.3 | I62: =SUMIFS([1]!MatrizPre2025[Devengado Aprobado],[1]!MatrizPre2025[Cod.Ref CCP Cuenta],'Ejecución mensual'!$A62,[1]!MatrizPre2025[Mes.Hist.Registro],I$7) -> 150741.95 | J62: =SUMIFS([1]!MatrizPre2025[Devengado Aprobado],[1]!MatrizPre2025[Cod.Ref CCP Cuenta],'Ejecución mensual'!$A62,[1]!MatrizPre2025[Mes.Hist.Registro],J$7) -> 24672776 | K62: =SUMIFS([1]!MatrizPre2025[Devengado Aprobado],[1]!MatrizPre2025[Cod.Ref CCP Cuenta],'Ejecución mensual'!$A62,[1]!MatrizPre2025[Mes.Hist.Registro],K$7) -> 16877458 | L62: =SUMIFS([1]!MatrizPre2025[Devengado Aprobado],[1]!MatrizPre2025[Cod.Ref CCP Cuenta],'Ejecución mensual'!$A62,[1]!MatrizPre2025[Mes.Hist.Registro],L$7) -> 4414553 | ... P62: =SUMIFS([1]!MatrizPre2025[Devengado Aprobado],[1]!MatrizPre2025[Cod.Ref CCP Cuenta],'Ejecución mensual'!$A62,[1]!MatrizPre2025[Mes.Hist.Registro],P$7) -> 0 | Q62: =SUM(E62:P62) -> 1.0212877e+08
B63: 2.8- ADQUISICION DE ACTIVIS FINANCIEROS CON FINES POLITICAS | C63: 0 | D63: =SUM(D64:D65) -> 0 | E63: =SUM(E64:E65) -> 0 | F63: =SUM(F64:F65) -> 0 | G63: =SUM(G64:G65) -> 0 | H63: =SUM(H64:H65) -> 0 | I63: =SUM(I64:I65) -> 0 | J63: =SUM(J64:J65) -> 0 | K63: =SUM(K64:K65) -> 0 | ... P63: =SUM(P64:P65) -> 0 | Q63: =SUM(E63:P63) -> 0
A64: =+LEFT(B64,5) -> 2.8.1 | B64: 2.8.1-CONCESION DE PRESTAMOS | C64: 0 | D64: 0 | E64: =SUMIFS([1]!MatrizPre2025[Devengado Aprobado],[1]!MatrizPre2025[Cod.Ref CCP Cuenta],'Ejecución mensual'!$A64,[1]!MatrizPre2025[Mes.Hist.Registro],E$7) -> 0 | F64: =SUMIFS([1]!MatrizPre2025[Devengado Aprobado],[1]!MatrizPre2025[Cod.Ref CCP Cuenta],'Ejecución mensual'!$A64,[1]!MatrizPre2025[Mes.Hist.Registro],F$7) -> 0 | G64: =SUMIFS([1]!MatrizPre2025[Devengado Aprobado],[1]!MatrizPre2025[Cod.Ref CCP Cuenta],'Ejecución mensual'!$A64,[1]!MatrizPre2025[Mes.Hist.Registro],G$7) -> 0 | H64: =SUMIFS([1]!MatrizPre2025[Devengado Aprobado],[1]!MatrizPre2025[Cod.Ref CCP Cuenta],'Ejecución mensual'!$A64,[1]!MatrizPre2025[Mes.Hist.Registro],H$7) -> 0 | I64: =SUMIFS([1]!MatrizPre2025[Devengado Aprobado],[1]!MatrizPre2025[Cod.Ref CCP Cuenta],'Ejecución mensual'!$A64,[1]!MatrizPre2025[Mes.Hist.Registro],I$7) -> 0 | J64: =SUMIFS([1]!MatrizPre2025[Devengado Aprobado],[1]!MatrizPre2025[Cod.Ref CCP Cuenta],'Ejecución mensual'!$A64,[1]!MatrizPre2025[Mes.Hist.Registro],J$7) -> 0 | K64: =SUMIFS([1]!MatrizPre2025[Devengado Aprobado],[1]!MatrizPre2025[Cod.Ref CCP Cuenta],'Ejecución mensual'!$A64,[1]!MatrizPre2025[Mes.Hist.Registro],K$7) -> 0 | L64: =SUMIFS([1]!MatrizPre2025[Devengado Aprobado],[1]!MatrizPre2025[Cod.Ref CCP Cuenta],'Ejecución mensual'!$A64,[1]!MatrizPre2025[Mes.Hist.Registro],L$7) -> 0 | ... N64: =SUMIFS([1]!MatrizPre2025[Devengado Aprobado],[1]!MatrizPre2025[Cod.Ref CCP Cuenta],'Ejecución mensual'!$A64,[1]!MatrizPre2025[Mes.Hist.Registro],N$7) -> 0 | Q64: =SUM(E64:P64) -> 0
A65: =+LEFT(B65,5) -> 2.8.2 | B65: 2.8.2-ADQUISICION DE TITULOS VALORES REPRESENTATIVOS DE DEUDA | C65: 0 | D65: 0 | E65: =SUMIFS([1]!MatrizPre2025[Devengado Aprobado],[1]!MatrizPre2025[Cod.Ref CCP Cuenta],'Ejecución mensual'!$A65,[1]!MatrizPre2025[Mes.Hist.Registro],E$7) -> 0 | F65: =SUMIFS([1]!MatrizPre2025[Devengado Aprobado],[1]!MatrizPre2025[Cod.Ref CCP Cuenta],'Ejecución mensual'!$A65,[1]!MatrizPre2025[Mes.Hist.Registro],F$7) -> 0 | G65: =SUMIFS([1]!MatrizPre2025[Devengado Aprobado],[1]!MatrizPre2025[Cod.Ref CCP Cuenta],'Ejecución mensual'!$A65,[1]!MatrizPre2025[Mes.Hist.Registro],G$7) -> 0 | H65: =SUMIFS([1]!MatrizPre2025[Devengado Aprobado],[1]!MatrizPre2025[Cod.Ref CCP Cuenta],'Ejecución mensual'!$A65,[1]!MatrizPre2025[Mes.Hist.Registro],H$7) -> 0 | I65: =SUMIFS([1]!MatrizPre2025[Devengado Aprobado],[1]!MatrizPre2025[Cod.Ref CCP Cuenta],'Ejecución mensual'!$A65,[1]!MatrizPre2025[Mes.Hist.Registro],I$7) -> 0 | J65: =SUMIFS([1]!MatrizPre2025[Devengado Aprobado],[1]!MatrizPre2025[Cod.Ref CCP Cuenta],'Ejecución mensual'!$A65,[1]!MatrizPre2025[Mes.Hist.Registro],J$7) -> 0 | K65: =SUMIFS([1]!MatrizPre2025[Devengado Aprobado],[1]!MatrizPre2025[Cod.Ref CCP Cuenta],'Ejecución mensual'!$A65,[1]!MatrizPre2025[Mes.Hist.Registro],K$7) -> 0 | L65: =SUMIFS([1]!MatrizPre2025[Devengado Aprobado],[1]!MatrizPre2025[Cod.Ref CCP Cuenta],'Ejecución mensual'!$A65,[1]!MatrizPre2025[Mes.Hist.Registro],L$7) -> 0 | ... N65: =SUMIFS([1]!MatrizPre2025[Devengado Aprobado],[1]!MatrizPre2025[Cod.Ref CCP Cuenta],'Ejecución mensual'!$A65,[1]!MatrizPre2025[Mes.Hist.Registro],N$7) -> 0 | Q65: =SUM(E65:P65) -> 0
B66: 2.9- GASTOS FINANCIEROS | C66: 0 | D66: 0 | E66: =SUM(E67:E69) -> 0 | F66: =SUM(F67:F69) -> 0 | G66: =SUM(G67:G69) -> 0 | H66: =SUM(H67:H69) -> 0 | I66: =SUM(I67:I69) -> 0 | J66: =SUM(J67:J69) -> 0 | K66: =SUM(K67:K69) -> 0 | L66: =SUM(L67:L69) -> 0 | ... P66: =SUM(P67:P69) -> 0 | Q66: =SUM(E66:P66) -> 0
A67: =+LEFT(B67,5) -> 2.9.1 | B67: 2.9.1- INTERESES DE LA DEUDA PUBLICA INTERNA | C67: 0 | D67: 0 | E67: =SUMIFS([1]!MatrizPre2025[Devengado Aprobado],[1]!MatrizPre2025[Cod.Ref CCP Cuenta],'Ejecución mensual'!$A67,[1]!MatrizPre2025[Mes.Hist.Registro],E$7) -> 0 | F67: =SUMIFS([1]!MatrizPre2025[Devengado Aprobado],[1]!MatrizPre2025[Cod.Ref CCP Cuenta],'Ejecución mensual'!$A67,[1]!MatrizPre2025[Mes.Hist.Registro],F$7) -> 0 | G67: =SUMIFS([1]!MatrizPre2025[Devengado Aprobado],[1]!MatrizPre2025[Cod.Ref CCP Cuenta],'Ejecución mensual'!$A67,[1]!MatrizPre2025[Mes.Hist.Registro],G$7) -> 0 | H67: =SUMIFS([1]!MatrizPre2025[Devengado Aprobado],[1]!MatrizPre2025[Cod.Ref CCP Cuenta],'Ejecución mensual'!$A67,[1]!MatrizPre2025[Mes.Hist.Registro],H$7) -> 0 | I67: =SUMIFS([1]!MatrizPre2025[Devengado Aprobado],[1]!MatrizPre2025[Cod.Ref CCP Cuenta],'Ejecución mensual'!$A67,[1]!MatrizPre2025[Mes.Hist.Registro],I$7) -> 0 | J67: =SUMIFS([1]!MatrizPre2025[Devengado Aprobado],[1]!MatrizPre2025[Cod.Ref CCP Cuenta],'Ejecución mensual'!$A67,[1]!MatrizPre2025[Mes.Hist.Registro],J$7) -> 0 | K67: =SUMIFS([1]!MatrizPre2025[Devengado Aprobado],[1]!MatrizPre2025[Cod.Ref CCP Cuenta],'Ejecución mensual'!$A67,[1]!MatrizPre2025[Mes.Hist.Registro],K$7) -> 0 | L67: =SUMIFS([1]!MatrizPre2025[Devengado Aprobado],[1]!MatrizPre2025[Cod.Ref CCP Cuenta],'Ejecución mensual'!$A67,[1]!MatrizPre2025[Mes.Hist.Registro],L$7) -> 0 | ... N67: =SUMIFS([1]!MatrizPre2025[Devengado Aprobado],[1]!MatrizPre2025[Cod.Ref CCP Cuenta],'Ejecución mensual'!$A67,[1]!MatrizPre2025[Mes.Hist.Registro],N$7) -> 0 | Q67: =SUM(E67:P67) -> 0
A68: =+LEFT(B68,5) -> 2.9.2 | B68: 2.9.2- INTERESES DE LA DEUDA PUBLICA EXTERNA | C68: 0 | D68: 0 | E68: =SUMIFS([1]!MatrizPre2025[Devengado Aprobado],[1]!MatrizPre2025[Cod.Ref CCP Cuenta],'Ejecución mensual'!$A68,[1]!MatrizPre2025[Mes.Hist.Registro],E$7) -> 0 | F68: =SUMIFS([1]!MatrizPre2025[Devengado Aprobado],[1]!MatrizPre2025[Cod.Ref CCP Cuenta],'Ejecución mensual'!$A68,[1]!MatrizPre2025[Mes.Hist.Registro],F$7) -> 0 | G68: =SUMIFS([1]!MatrizPre2025[Devengado Aprobado],[1]!MatrizPre2025[Cod.Ref CCP Cuenta],'Ejecución mensual'!$A68,[1]!MatrizPre2025[Mes.Hist.Registro],G$7) -> 0 | H68: =SUMIFS([1]!MatrizPre2025[Devengado Aprobado],[1]!MatrizPre2025[Cod.Ref CCP Cuenta],'Ejecución mensual'!$A68,[1]!MatrizPre2025[Mes.Hist.Registro],H$7) -> 0 | I68: =SUMIFS([1]!MatrizPre2025[Devengado Aprobado],[1]!MatrizPre2025[Cod.Ref CCP Cuenta],'Ejecución mensual'!$A68,[1]!MatrizPre2025[Mes.Hist.Registro],I$7) -> 0 | J68: =SUMIFS([1]!MatrizPre2025[Devengado Aprobado],[1]!MatrizPre2025[Cod.Ref CCP Cuenta],'Ejecución mensual'!$A68,[1]!MatrizPre2025[Mes.Hist.Registro],J$7) -> 0 | K68: =SUMIFS([1]!MatrizPre2025[Devengado Aprobado],[1]!MatrizPre2025[Cod.Ref CCP Cuenta],'Ejecución mensual'!$A68,[1]!MatrizPre2025[Mes.Hist.Registro],K$7) -> 0 | L68: =SUMIFS([1]!MatrizPre2025[Devengado Aprobado],[1]!MatrizPre2025[Cod.Ref CCP Cuenta],'Ejecución mensual'!$A68,[1]!MatrizPre2025[Mes.Hist.Registro],L$7) -> 0 | ... N68: =SUMIFS([1]!MatrizPre2025[Devengado Aprobado],[1]!MatrizPre2025[Cod.Ref CCP Cuenta],'Ejecución mensual'!$A68,[1]!MatrizPre2025[Mes.Hist.Registro],N$7) -> 0 | Q68: =SUM(E68:P68) -> 0
A69: =+LEFT(B69,5) -> 2.9.4 | B69: 2.9.4- COMISIONES Y OTROS GASTOS BANCARIOS DE LA DEUDA PUBLICA | C69: 0 | D69: 0 | E69: =SUMIFS([1]!MatrizPre2025[Devengado Aprobado],[1]!MatrizPre2025[Cod.Ref CCP Cuenta],'Ejecución mensual'!$A69,[1]!MatrizPre2025[Mes.Hist.Registro],E$7) -> 0 | F69: =SUMIFS([1]!MatrizPre2025[Devengado Aprobado],[1]!MatrizPre2025[Cod.Ref CCP Cuenta],'Ejecución mensual'!$A69,[1]!MatrizPre2025[Mes.Hist.Registro],F$7) -> 0 | G69: =SUMIFS([1]!MatrizPre2025[Devengado Aprobado],[1]!MatrizPre2025[Cod.Ref CCP Cuenta],'Ejecución mensual'!$A69,[1]!MatrizPre2025[Mes.Hist.Registro],G$7) -> 0 | H69: =SUMIFS([1]!MatrizPre2025[Devengado Aprobado],[1]!MatrizPre2025[Cod.Ref CCP Cuenta],'Ejecución mensual'!$A69,[1]!MatrizPre2025[Mes.Hist.Registro],H$7) -> 0 | I69: =SUMIFS([1]!MatrizPre2025[Devengado Aprobado],[1]!MatrizPre2025[Cod.Ref CCP Cuenta],'Ejecución mensual'!$A69,[1]!MatrizPre2025[Mes.Hist.Registro],I$7) -> 0 | J69: =SUMIFS([1]!MatrizPre2025[Devengado Aprobado],[1]!MatrizPre2025[Cod.Ref CCP Cuenta],'Ejecución mensual'!$A69,[1]!MatrizPre2025[Mes.Hist.Registro],J$7) -> 0 | K69: =SUMIFS([1]!MatrizPre2025[Devengado Aprobado],[1]!MatrizPre2025[Cod.Ref CCP Cuenta],'Ejecución mensual'!$A69,[1]!MatrizPre2025[Mes.Hist.Registro],K$7) -> 0 | L69: =SUMIFS([1]!MatrizPre2025[Devengado Aprobado],[1]!MatrizPre2025[Cod.Ref CCP Cuenta],'Ejecución mensual'!$A69,[1]!MatrizPre2025[Mes.Hist.Registro],L$7) -> 0 | ... N69: =SUMIFS([1]!MatrizPre2025[Devengado Aprobado],[1]!MatrizPre2025[Cod.Ref CCP Cuenta],'Ejecución mensual'!$A69,[1]!MatrizPre2025[Mes.Hist.Registro],N$7) -> 0 | Q69: =SUM(E69:P69) -> 0
B70: Total de Gastos | C70: =C60+C50+C42+C34+C25+C15+C9+C63+C66 -> 10405175256 | D70: =D60+D50+D42+D34+D25+D15+D9+D63+D66 -> 10320041237 | E70: =E60+E50+E42+E34+E25+E15+E9+E63+E66 -> 95784699 | F70: =F60+F50+F42+F34+F25+F15+F9+F63+F66 -> 2.8714951e+08 | G70: =G60+G50+G42+G34+G25+G15+G9+G63+G66 -> 2.9635631e+08 | H70: =H60+H50+H42+H34+H25+H15+H9+H63+H66 -> 1.9199323e+08 | I70: =I60+I50+I42+I34+I25+I15+I9+I63+I66 -> 2.3250038e+08 | J70: =J60+J50+J42+J34+J25+J15+J9+J63+J66 -> 2.4033553e+08 | ... P70: =P60+P50+P42+P34+P25+P15+P9+P63+P66 -> 0 | Q70: =SUM(E70:P70) -> 4.2121452e+09
B71: 4- APLICACIONES FINANCIERAS
B72: 4.1- INCREMENTO DE ACTIVOS FINANCIEROS | D72: 0 | E72: =SUM(E73:E74) -> 0 | F72: =SUM(F73:F74) -> 0 | G72: =SUM(G73:G74) -> 0 | H72: =SUM(H73:H74) -> 0 | I72: =SUM(I73:I74) -> 0 | J72: =SUM(J73:J74) -> 0 | K72: =SUM(K73:K74) -> 0 | L72: =SUM(L73:L74) -> 0 | ... P72: =SUM(P73:P74) -> 0 | Q72: =SUM(E72:P72) -> 0
A73: =+LEFT(B73,5) -> 4.1.1 | B73: 4.1.1- INCREMENTO DE ACTIVOS FINANCIEROS CORRIENTES | C73: =SUMIFS([1]!MatrizPre2025[Devengado Aprobado],[1]!MatrizPre2025[Cod.Ref CCP Cuenta],'Ejecución mensual'!$A73,[1]!MatrizPre2025[Mes.Hist.Registro],C$7) -> 0 | D73: 0 | E73: =SUMIFS([1]!MatrizPre2025[Devengado Aprobado],[1]!MatrizPre2025[Cod.Ref CCP Cuenta],'Ejecución mensual'!$A73,[1]!MatrizPre2025[Mes.Hist.Registro],E$7) -> 0 | Q73: =SUM(E73:P73) -> 0
A74: =+LEFT(B74,5) -> 4.1.2 | B74: 4.1.2- INCREMENTO DE ACTIVOS FINANCIEROS NO CORRIENTES | C74: =SUMIFS([1]!MatrizPre2025[Devengado Aprobado],[1]!MatrizPre2025[Cod.Ref CCP Cuenta],'Ejecución mensual'!$A74,[1]!MatrizPre2025[Mes.Hist.Registro],C$7) -> 0 | D74: 0 | E74: =SUMIFS([1]!MatrizPre2025[Devengado Aprobado],[1]!MatrizPre2025[Cod.Ref CCP Cuenta],'Ejecución mensual'!$A74,[1]!MatrizPre2025[Mes.Hist.Registro],E$7) -> 0 | Q74: =SUM(E74:P74) -> 0
B75: 4.2- DISMINUCION DE PASIVOS | C75: =SUM(C76:C77) -> 0 | D75: 0 | E75: =SUM(E76:E77) -> 0 | F75: =SUM(F76:F77) -> 0 | G75: =SUM(G76:G77) -> 0 | H75: =SUM(H76:H77) -> 0 | I75: =SUM(I76:I77) -> 0 | J75: =SUM(J76:J77) -> 0 | K75: =SUM(K76:K77) -> 0 | L75: =SUM(L76:L77) -> 0 | ... P75: =SUM(P76:P77) -> 0 | Q75: =SUM(E75:P75) -> 0
A76: =+LEFT(B76,5) -> 4.2.1 | B76: 4.2.1- DISMINUCION DE PASIVOS CORRIENTES | C76: =SUMIFS([1]!MatrizPre2025[Devengado Aprobado],[1]!MatrizPre2025[Cod.Ref CCP Cuenta],'Ejecución mensual'!$A76,[1]!MatrizPre2025[Mes.Hist.Registro],C$7) -> 0 | E76: =SUMIFS([1]!MatrizPre2025[Devengado Aprobado],[1]!MatrizPre2025[Cod.Ref CCP Cuenta],'Ejecución mensual'!$A76,[1]!MatrizPre2025[Mes.Hist.Registro],E$7) -> 0
A77: =+LEFT(B77,5) -> 4.2.2 | B77: 4.2.2- DISMUNICION DE PASIVOS NO CORRIENTES | C77: =SUMIFS([1]!MatrizPre2025[Devengado Aprobado],[1]!MatrizPre2025[Cod.Ref CCP Cuenta],'Ejecución mensual'!$A77,[1]!MatrizPre2025[Mes.Hist.Registro],C$7) -> 0 | E77: =SUMIFS([1]!MatrizPre2025[Devengado Aprobado],[1]!MatrizPre2025[Cod.Ref CCP Cuenta],'Ejecución mensual'!$A77,[1]!MatrizPre2025[Mes.Hist.Registro],E$7) -> 0
B78: 4.3- DISMINUCION DE FONDOS DE TERCEROS | C78: =+C79 -> 0 | D78: 0 | E78: =+E79 -> 0 | F78: =+F79 -> 0 | G78: =+G79 -> 0 | H78: =+H79 -> 0 | I78: =+I79 -> 0 | J78: =+J79 -> 0 | K78: =+K79 -> 0 | L78: =+L79 -> 0 | ... P78: =+P79 -> 0 | Q78: =SUM(E78:P78) -> 0
A79: =+LEFT(B79,5) -> 4.3.5 | B79: 4.3.5- DISMINUCION DEPOSITOS FONDOS DE TERCEROS | C79: =SUMIFS([1]!MatrizPre2025[Devengado Aprobado],[1]!MatrizPre2025[Cod.Ref CCP Cuenta],'Ejecución mensual'!$A79,[1]!MatrizPre2025[Mes.Hist.Registro],C$7) -> 0 | E79: =SUMIFS([1]!MatrizPre2025[Devengado Aprobado],[1]!MatrizPre2025[Cod.Ref CCP Cuenta],'Ejecución mensual'!$A79,[1]!MatrizPre2025[Mes.Hist.Registro],E$7) -> 0 | Q79: =SUM(E79:P79) -> 0
B80: TOTAL DE APLICACIONES FINANCIERAS | C80: =+C78+C75+C72 -> 0 | D80: 0 | E80: =+E78+E75+E72 -> 0 | F80: =+F78+F75+F72 -> 0 | G80: =+G78+G75+G72 -> 0 | H80: =+H78+H75+H72 -> 0 | I80: =+I78+I75+I72 -> 0 | J80: =+J78+J75+J72 -> 0 | K80: =+K78+K75+K72 -> 0 | L80: =+L78+L75+L72 -> 0 | ... P80: =+P78+P75+P72 -> 0 | Q80: =SUM(E80:P80) -> 0
A81: =+LEFT(B81,5) | E81: 0
B82: TOTAL GASTOS Y APLICACIONES FINANCIERAS | C82: =C70 -> 10405175256 | D82: =D70 -> 10320041237 | E82: =E70 -> 95784699 | F82: =F70 -> 2.8714951e+08 | G82: =G70 -> 2.9635631e+08 | H82: =H70 -> 1.9199323e+08 | I82: =I70 -> 2.3250038e+08 | J82: =J70 -> 2.4033553e+08 | ... P82: =P70 -> 0 | Q82: =SUM(E82:P82) -> 4.2121452e+09
B85: *Nota
B86: Presupuesto aprobado: Se refiere al presupuesto aprobado en la Ley de Presupuesto General del Estado
B87: Presupuesto modificado: Se refiere al presupuesto aprobado en caso de que el Congreso Nacional apruebe un presupuesto complementario. | G87: Elaborado por: | K87: Aprobado por:
B88: Total devengado: Son los recursos financieros que surgen con la obligación de pago por la recepción de conformidad de obras, bienes y servicios oportunamente contratados o, en los casos de gastos sin contraprestación, por haberse cumplido los requisitos administrativos dispuestos por el reglamento de la presente Ley.
G90: ANA ESTHER BRAZOBAN SOTO | K90: GLORIA MARIA CONTRERAS
G91: Analista de Presupuesto | K91: Directora Financiera
